Workbook
Name \0: #REF!
Name \00: #REF!
Name \1: #REF!
Name \a: #REF!
Name \a: #REF!
Name \a: #REF!
Name \a: #REF!
Name \a: #REF!
Name \a: #REF!
Name \a: #REF!
Name \AA: #REF!
Name \AA: #REF!
Name \AA: #REF!
Name \b: #REF!
Name \b: #REF!
Name \b: #REF!
Name \bb: #REF!
Name \bb: #REF!
Name \bb: #REF!
Name \c: #REF!
Name \d: #REF!
Name \E: #REF!
Name \EE: #REF!
Name \eliminar: #REF!
Name \eliminar: #REF!
Name \eliminar: #REF!
Name \eliminar1: #REF!
Name \eliminar1: #REF!
Name \eliminar1: #REF!
Name \f: #REF!
Name \f: #REF!
Name \f: #REF!
Name \G: #REF!
Name \h: #REF!
Name \i: #REF!
Name \i: #REF!
Name \i: #REF!
Name \k: #REF!
Name \k: #REF!
Name \k: #REF!
Name \l: #REF!
Name \l: #REF!
Name \l: #REF!
Name \LL: #REF!
Name \m: #REF!
Name \m: #REF!
Name \M: #REF!
Name \n: #REF!
Name \ñ: #REF!
Name \ñ: #REF!
Name \ñ: #REF!
Name \O: #REF!
Name \P: #REF!
Name \PP: #N/A
Name \q: #REF!
Name \r: #REF!
Name \r: #REF!
Name \R: #REF!
Name \s: #REF!
Name \s: #REF!

Sheet PRESUPUESTO OFICIAL (Entidad)
C1: Formulario 1 - Propuesta económica - Licitación de obra pública de infraestructura social
D2: version 2 del 21 de agosto de 2025
C3: PRESUPUESTO OFICIAL | G3: PRESUPUESTO OFICIAL
C4: Adicionalmente, cuando el Proceso de Contratación es estructurado por Precios Unitarios, la Entidad debe aplicar las notas 1, 2 y 3 del presente Formulario y las casillas de "Descripción", "Porcentaje" de la Administración, Imprevisto, Utilidad y total A.I.U. resaltadas en color amarillo. Tratándose de otras modalidades de precio, la Entidad puede o no configurar los mismos aspectos.
C5: Nº | D5: ÍTEM DE PAGO | E5: ESPECIFICACIONES | G5: DESCRIPCIÓN | H5: UND. | I5: CANTIDAD | J5: VALOR UNITARIO | K5: VALOR TOTAL
E6: GENERAL | F6: PARTICULAR
C7: 1 | D7: 1 | G7: PRELIMINARES
C8: 1 | D8: 1.01 | G8: LOCALIZACION Y REPLANTEO | H8: M2 | I8: 672 | J8: =+'CAP. 1'!O24 -> 5316 | K8: =+ROUND(J8*I8,0) -> 3572352
C9: 1 | D9: 1.02 | G9: DESCAPOTE MANUAL | H9: M3 | I9: 100.8 | J9: =+'CAP. 1'!O114 -> 57852 | K9: =+ROUND(J9*I9,0) -> 5831482
C10: 1 | D10: 1.03 | G10: DEMOLICIÓN DE PAVIMENTO PARA CONEXIONES ELÉCTRICAS Y SANITARIAS. | H10: M2 | I10: 11.95 | J10: =+'CAP. 1'!O204 -> 32627 | K10: =+ROUND(J10*I10,0) -> 389893
C11: 1 | D11: 1.04 | G11: CONEXIÓN A SISTEMA DE ALCANTARILLADO, INCLUYE CÁMARA DE CAÍDA Y RESANE EN CONCRETO | H11: UND. | I11: 1 | J11: =+'CAP. 1'!O294 -> 855657 | K11: =+ROUND(J11*I11,0) -> 855657
C12: Subtotal | K12: =+ROUND(SUM(K8:K11),2) -> 10649384
D13: 2 | G13: MOVIMIENTOS DE TIERRA
C14: 2 | D14: 2.01 | G14: EXCAVACION A MAQUINA (NO INCLUYE RETIRO DE SOBRANTES) | H14: M3 | I14: 67.2 | J14: =+'CAP. 2'!O24 -> 28928 | K14: =+ROUND(J14*I14,0) -> 1943962
C15: 2 | D15: 2.02 | G15: CONFORMACION Y NIVELACION DE TERRENO CON MAQUINA | H15: M2 | I15: 672 | J15: =+'CAP. 2'!O115 -> 9540 | K15: =+ROUND(J15*I15,0) -> 6410880
C16: 2 | D16: 2.03 | G16: EXCAVACION MANUAL EN TERRENO COMPACTADO PARA INSTALACIONES | H16: M3 | I16: 129.09 | J16: =+'CAP. 2'!O206 -> 152730 | K16: =+ROUND(J16*I16,0) -> 19715916
C17: 2 | D17: 2.04 | G17: RELLENO MATERIAL COMUN, INCLUYE SUMINISTRO Y COMPACTACION | H17: M3 | I17: 131.04 | J17: =+'CAP. 2'!O297 -> 85982 | K17: =+ROUND(J17*I17,0) -> 11267081
C18: 2 | D18: 2.05 | G18: TRANSPORTE DE MATERIALES PROVENIENTES DE LA EXCAVACIÓN DE LA EXPLANACIÓN, CANALES Y PRÉSTAMOS PARA DISTANCIAS MAYORES DE MIL METROS (1.000 M) MEDIDOS A PARTIR DE CIEN METROS (100 M) (ANALIZADO PARA VOLQUETA DE 6 M3) | H18: M3/KM | I18: 4634.6 | J18: =+'CAP. 2'!O390 -> 2430 | K18: =+ROUND(J18*I18,0) -> 11262078
C19: Subtotal | K19: =+ROUND(SUM(K14:K18),2) -> 50599917
D20: 3 | G20: CANCHA SINTETICA
C21: 3 | D21: 3.01 | G21: PLACA DE CONTRAPISO EN CONCRETO - f'c=3.000PSI - ESPESOR = 10 cm. | H21: M2 | I21: 589 | J21: =+'CAP. 3'!O25 -> 190545 | K21: =+ROUND(J21*I21,0) -> 112231005
C22: 3 | D22: 3.02 | G22: JUNTA DE DILATACION SELLO DE POLIURETANO ELASTOMERICO DE ALTO DESEMPEÑO Y CORDON DE ESPUMA PARA FONDO DE JUNTA Ø10MM-INCL. CORTE | H22: ML | I22: 326 | J22: =+'CAP. 3'!O119 -> 28278 | K22: =+ROUND(J22*I22,0) -> 9218628
C23: 3 | D23: 3.03 | G23: SUMINISTRO Y INSTALACION DE GRAMA SINTÉTICA COLOR VERDE,INCLUYE RELLENO, CAUCHO MOLIDO Y ARENA SILICE | H23: M2 | I23: 589 | J23: =+'CAP. 3'!O211 -> 228147 | K23: =+ROUND(J23*I23,0) -> 134378583
C24: 3 | D24: 3.04 | G24: CORDON CUNETA EN CONCRETO DE 3000 PSI REFORZADO DE MEDIDAS 20x20cm. INCLUYE REJILLA | H24: ML | I24: 81.8 | J24: =+'CAP. 3'!O303 -> 314821 | K24: =+ROUND(J24*I24,0) -> 25752358
C25: 3 | D25: 3.05 | G25: CAJA DE INSPECCIÓN DE 60X60X60CM, EN CONCRETO DE F'C=2.500PSI, INCLUYE EXCAVACIÓN Y TAPE, TAPA Y HERRAJES E INCLUYE TODO LO NECESARIO PARA SU CORRECTO FUNCIONAMIENTO. | H25: UND | I25: 4 | J25: =+'CAP. 3'!O401 -> 829680 | K25: =+ROUND(J25*I25,0) -> 3318720
C26: 3 | D26: 3.06 | G26: SUMINISTRO E INSTALACION DE TUBERÍA NOVAFORT P.V.C.-ALL 8", INCLUYE RELLENO CON MATERIAL SELECCIONADO DE EXCAVACIÓN. | H26: ML | I26: 19.1 | J26: =+'CAP. 3'!O495 -> 260010 | K26: =+ROUND(J26*I26,0) -> 4966191
C27: 3 | D27: 3.07 | G27: SUMINISTRO E INSTALACION DE JUEGO DE PORTERIAS CON ANCHO DE 3 X 2,44M, EN TUBERIA GALVANIZADA | H27: UND | I27: 2 | J27: =+'CAP. 3'!O591 -> 6053259 | K27: =+ROUND(J27*I27,0) -> 12106518
C28: 3 | D28: 3.08 | G28: SUMINISTRO E INSTALACIÓN DE FILTRO FRANCÉS, INCLUYE TUBERÍA PERFORADA, MATERIAL FILTRANTE Y GEOTEXTIL | H28: ML | I28: 20.8 | J28: =+'CAP. 3'!O685 -> 421976 | K28: =+ROUND(J28*I28,0) -> 8777101
C29: 3 | D29: 3.09 | G29: PUNTO SANITARIO DE 6" EN TUBERIA | H29: UND | I29: 11 | J29: =+'CAP. 3'!O781 -> 413990 | K29: =+ROUND(J29*I29,0) -> 4553890
C30: 3 | D30: 3.1 | G30: SUMINSITRO E INSTALACION DE TUBERIA SANITARIA DE 6", INCLUYE RELLENO CON MATERIAL SELECCIONADO DE EXCAVACIÓN | H30: ML | I30: 91.5 | J30: =+'CAP. 3'!O876 -> 234506 | K30: =+ROUND(J30*I30,0) -> 21457299
C31: 3 | D31: 3.11 | G31: SUMINISTRO, CONFORMACIÓN Y COMPACTACIÓN DE RELLENO EN ARENA PARA CIMENTACIÓN DE TUBERÍA | H31: M3 | I31: 13.27 | J31: =+'CAP. 3'!O972 -> 414964 | K31: =+ROUND(J31*I31,0) -> 5506572
C32: 3 | D32: 3.12 | G32: ANDEN PERIMETRAL EN CONCRETO 3000 PSI | H32: M2 | I32: 83 | J32: =+'CAP. 3'!O1066 -> 181301 | K32: =+ROUND(J32*I32,0) -> 15047983
C33: 3 | D33: 3.13 | G33: DEMARCACIÓN DE CANCHA EN COLOR BLANCO CON SOBRE ANCHO DE 10 CM EN LA ZONA DE JUEGO Y ÁREAS DE ARCOS | H33: ML | I33: 151.7 | J33: =+'CAP. 3'!O1160 -> 44566 | K33: =+ROUND(J33*I33,0) -> 6760662
C34: 3 | D34: 3.14 | G34: SUMINISTRO E INSTALACIÓN DE CONCRETO DE 4000 PSI PARA PAVIMENTO RÍGIDO POR DEMOLICIONES | H34: M3 | I34: 3.59 | J34: =+'CAP. 3'!O1254 -> 1733563 | K34: =+ROUND(J34*I34,0) -> 6223491
C35: Subtotal | K35: =+ROUND(SUM(K21:K34),2) -> 370299001
D36: 4 | G36: CERRAMIENTO CANCHA SINTETICA
C37: 4 | D37: 4.01 | G37: SOLADOS EN CONCRETO DE 2500 PSI, E= 0,05 M | H37: M2 | I37: 25.5 | J37: =+'CAP. 4'!O25 -> 89359 | K37: =+ROUND(J37*I37,0) -> 2278655
C38: 4 | D38: 4.02 | G38: CONCRETO CICLOPEO (60% CONCRETO DE 3000 OSI - 40% PIEDRA) | H38: M3 | I38: 7.56 | J38: =+'CAP. 4'!O119 -> 1068026 | K38: =+ROUND(J38*I38,0) -> 8074277
C39: 4 | D39: 4.03 | G39: ZAPATA EN CONCRETO DE 3000 PSI DE 0,60X0,6 M | H39: M3 | I39: 7.56 | J39: =+'CAP. 4'!O213 -> 1632462 | K39: =+ROUND(J39*I39,0) -> 12341413
C40: 4 | D40: 4.04 | G40: PEDESTALES EN CONCRETO DE 3000 PSO DE 0,25X0,12 M | H40: ML | I40: 25.2 | J40: =+'CAP. 4'!O307 -> 311612 | K40: =+ROUND(J40*I40,0) -> 7852622
C41: 4 | D41: 4.05 | G41: VIGAS DE AMARRE EN CONCRETO DE 3000 PSI DE 0,25X0,25 M | H41: ML | I41: 102 | J41: =+'CAP. 4'!O401 -> 284648 | K41: =+ROUND(J41*I41,0) -> 29034096
C42: 4 | D42: 4.06 | G42: SUMINISTRO E INSTALACIÓN DE TUBO GALVANIZADO 2" PARA CERRAMIENTO | H42: ML | I42: 114 | J42: =+'CAP. 4'!O495 -> 189456 | K42: =+ROUND(J42*I42,0) -> 21597984
C43: 4 | D43: 4.07 | G43: MALLA NYLON PARA CERRAMIENTO LATERAL Y SUPERIOR, SEGÚN DISEÑO. | H43: M2 | I43: 1016 | J43: =+'CAP. 4'!O589 -> 33145 | K43: =+ROUND(J43*I43,0) -> 33675320
C44: 4 | D44: 4.08 | G44: SUMINISTRO E INSTALACIÓN MALLA ESLABONADA GALVANIZADA, INCLUYE ACCESORIOS PARA INSTALACIÓN Y ACABO EN PINTURA | H44: M2 | I44: 204 | J44: =+'CAP. 4'!O683 -> 238091 | K44: =+ROUND(J44*I44,0) -> 48570564
C45: 4 | D45: 4.09 | G45: CONSTRUCCIÓN DE MURO PERIMETRAL EN CONCRETO (NO INCLUYE ACERO DE REFUERZO) | H45: M3 | I45: 7.34 | J45: =+'CAP. 4'!O781 -> 2041982 | K45: =+ROUND(J45*I45,0) -> 14988148
C46: 4 | D46: 4.1 | G46: SUMINISTRO E INSTALACIÓN DE PINTURA EN VINILO PARA EXTERIORES A TRES MANOS | H46: M2 | I46: 61.2 | J46: =+'CAP. 4'!O879 -> 32581 | K46: =+ROUND(J46*I46,0) -> 1993957
C47: 4 | D47: 4.11 | G47: =+'CAP. 4'!D977 -> SUMINISTRO E INSTALACIÓN PLATINA 1 1/2" X 1/8 PARA REFUERZO DEL CERRAMIENTO ZONA ARCOS, INCLUYE ACCESORIOS PARA INSTALACIÓN Y ACABO EN PINTURA | H47: ML | I47: 87.64 | J47: =+'CAP. 4'!O1025 -> 46100 | K47: =+ROUND(J47*I47,0) -> 4040204
C48: Subtotal | K48: =+ROUND(SUM(K37:K47),2) -> 184447240
D49: 5 | G49: ACEROS
C50: 5 | D50: 5.01 | G50: ACERO 60000 PSI/TON REFUERZO FIGURADO | H50: KG | I50: 3047.84 | J50: =+'CAP. 5'!O24 -> 13433 | K50: =+ROUND(J50*I50,0) -> 40941635
C51: 5 | D51: 5.02 | G51: MALLA ELECTROSOLDADA 4MM, 15X15 CM | H51: M2 | I51: 672 | J51: =+'CAP. 5'!O117 -> 31915 | K51: =+ROUND(J51*I51,0) -> 21446880
C52: Subtotal | K52: =+ROUND(SUM(K50:K51),2) -> 62388515
D53: 6 | G53: INSTALACIONES ELECTRICAS
C54: 6 | D54: 6.01 | G54: SUMINISTRO E INSTALACIÓN DE LUMINARIA PARA EXTERIORES DE 300W DE ANGULO AJUSTABLE | H54: UND | I54: 8 | J54: =+'CAP. 6'!P24 -> 3863530 | K54: =+ROUND(J54*I54,0) -> 30908240
C55: 6 | D55: 6.02 | G55: SUMINISTRO E INSTALACIÓN DE POSTE METÁLICO DE 9M, PARA MONTAJE DE HASTA 4 REFLECTORES, INCLUYE HERRAJES PARA MONTAJE DE 2 PANELES SOLARES DE (2.0X1.0X0.05M), CANASTILLA DE ANCLAJE, GALVANIZADO EN CALIENTE Y PINTURA ELECTROSTÁTICA. INCLUYE SERVICIO DE GRUA TELESCOPICA PARA ARMADO Y MONTAJE | H55: UND | I55: 4 | J55: =+'CAP. 6'!P115 -> 6726158 | K55: =+ROUND(J55*I55,0) -> 26904632
C56: 6 | D56: 6.03 | G56: SUMINISTRO E INSTALACIÓN ESTRUCTURA DE ANCLAJE DE POSTE PARA ILUMINACION | H56: UND | I56: 4 | J56: =+'CAP. 6'!P210 -> 2241971 | K56: =+ROUND(J56*I56,0) -> 8967884
C57: 6 | D57: 6.04 | G57: SUMINISTRO E INSTALACIÓN DE TABLERO DE CONTROL PARA CONTROL DE ILUMINACIÓN, INCLUYE 4 CONTACTORES DE 30A, 4 BREAKERS DE RIEL 2X20A, MULETILLAS Y PILOTOS DE CONTROL | H57: UND | I57: 1 | J57: =+'CAP. 6'!P301 -> 1928463 | K57: =+ROUND(J57*I57,0) -> 1928463
C58: 6 | D58: 6.05 | G58: SUMINISTRO E INSTALACIÓN DE ACOMETIDA PRINCIPAL EN CABLE 2X8F+1X8N+8T PARA ALIMENTAR TABLERO BIFÁSICO | H58: ML | I58: 25.3 | J58: =+'CAP. 6'!P393 -> 66046 | K58: =+ROUND(J58*I58,0) -> 1670964
C59: 6 | D59: 6.06 | G59: SUMINISTRO E INSTALACIÓN DE TUBERÍA PVC DE 2" PARA TRANSPORTAR ACOMETIDA PRINCIPAL | H59: ML | I59: 25.3 | J59: =+'CAP. 6'!P485 -> 21520 | K59: =+ROUND(J59*I59,0) -> 544456
C60: 6 | D60: 6.07 | G60: SUMINISTRO E INSTALACIÓN DE TUBERÍA IMC DE 1" PARA TRANSPORTAR CABLEADO INTERNO Y SISTEMA DE APANTALLAMIENTO | H60: ML | I60: 180 | J60: =+'CAP. 6'!P577 -> 61439 | K60: =+ROUND(J60*I60,0) -> 11059020
C61: 6 | D61: 6.08 | G61: SUMINISTRO E INSTALACIÓN DE CAJA DE DERIVACIÓN DE CIRCUITO 20X20X10CM | H61: UND | I61: 6 | J61: =+'CAP. 6'!P669 -> 148214 | K61: =+ROUND(J61*I61,0) -> 889284
C62: 6 | D62: 6.09 | G62: SUMINISTRO E INSTALACIÓN DE CABLE ENCAUCHETADO 3X12 PARA ALIMENTACIÓN DE LUMINARIAS. | H62: ML | I62: 129 | J62: =+'CAP. 6'!P761 -> 27205 | K62: =+ROUND(J62*I62,0) -> 3509445
C63: 6 | D63: 6.1 | G63: SUMINISTRO E INSTALACIÓN DE PUNTAS CAPTADORAS DE 1,5 M | H63: UND | I63: 6 | J63: =+'CAP. 6'!P853 -> 298686 | K63: =+ROUND(J63*I63,0) -> 1792116
C64: 6 | D64: 6.11 | G64: SUMINISTRO E INSTALACIÓN DE ALAMBRÓN EN ALUMINIO DE 8MM | H64: ML | I64: 51 | J64: =+'CAP. 6'!P945 -> 13833 | K64: =+ROUND(J64*I64,0) -> 705483
C65: 6 | D65: 6.12 | G65: SUMINISTRO E INSTALACIÓN DE AISLADORES SOPORTE PLÁSTICO 40MM LARGO | H65: UND | I65: 12 | J65: =+'CAP. 6'!P1037 -> 21580 | K65: =+ROUND(J65*I65,0) -> 258960
C66: 6 | D66: 6.13 | G66: SUMINISTRO E INSTALACIÓN DE CAJA DE DERIVACIÓN DE APANTALLAMIENTO 20X20X10CM | H66: UND | I66: 6 | J66: =+'CAP. 6'!P1129 -> 148214 | K66: =+ROUND(J66*I66,0) -> 889284
C67: 6 | D67: 6.14 | G67: SUMINISTRO E INSTALACIÓN DE CONECTOR EN ALUMINIO-ALUMINIO | H67: UND | I67: 6 | J67: =+'CAP. 6'!P1221 -> 90636 | K67: =+ROUND(J67*I67,0) -> 543816
C68: 6 | D68: 6.15 | G68: SUMINISTRO E INSTALACIÓN DE CONECTOR BIMETÁLICO COBRE-ALUMINIO | H68: UND | I68: 6 | J68: =+'CAP. 6'!P1313 -> 148950 | K68: =+ROUND(J68*I68,0) -> 893700
C69: 6 | D69: 6.16 | G69: 6 SUMINISTRO E INSTALACIÓN DE CABLE CU DESNUDO N° 1/0 | H69: ML | I69: 86.5 | J69: =+'CAP. 6'!P1405 -> 84062 | K69: =+ROUND(J69*I69,0) -> 7271363
C70: 6 | D70: 6.17 | G70: SUMINISTRO E INSTALACIÓN DE CAJAS DE INSPECCIÓN DE 30X30 CM | H70: UND | I70: 6 | J70: =+'CAP. 6'!P1497 -> 181848 | K70: =+ROUND(J70*I70,0) -> 1091088
C71: 6 | D71: 6.18 | G71: SUMINISTRO E INSTALACIÓN DE VARILLAS COPERWELD 5/8", 2,4M | H71: UND | I71: 6 | J71: =+'CAP. 6'!P1589 -> 575577 | K71: =+ROUND(J71*I71,0) -> 3453462
C72: Subtotal | K72: =+ROUND(SUM(K54:K71),2) -> 103281660
C73: SUBTOTAL OBRAS | K73: =ROUND(SUM(K72,K48,K35,K19,K12,K52),2) -> 781665717
C74: PLAN DE MANEJO AMBIENTAL PMA | K74: =+'DESGLOSE PAGA'!K40 -> 9293400
G76: SUBTOTAL OBRAS (INCLUYE IVA) | K76: =+K73+K74 -> 790959117
G77: VALOR TOTAL | K77: =+K76 -> 790959117
C80: NOTA 1: Se debe tener en cuenta que el PRECIO UNITARIO incluye el valor de A.I.U. | H80: DESCRIPCION | K80: PORCENTAJE
C81: NOTA 2: Cuando la fracción decimal del peso sea igual o superior a 5 se aproximará por exceso al número entero siguiente del peso y cuando la fracción decimal del peso sea inferior a 5 se aproximará por defecto al número entero del peso. | H81: ADMINISTRACIÓN | J81: A= | K81: 0.29
C82: NOTA 3: El A.I.U y su discriminación deben estar en porcentaje (%). | H82: IMPREVISTO | J82: I= | K82: 0.01
H83: UTILIDAD | J83: U= | K83: 0.05
H84: TOTAL A.I.U | J84: A.I.U.= | K84: =+K81+K82+K83 -> 0.35

Sheet PROPUESTA ECONOMICA(Proponente)
C2: Formulario 1 - Propuesta económica - Licitación de obra pública de infraestructura social
D3: version 2 del 21 de agosto de 2025
C4: FORMULARIO 1
C5: PROPUESTA ECONÓMICA
C6: Cuando el Proceso de Contratación es estructurado por Precios Unitarios, la Entidad debe aplicar las notas 1, 2 y 3 del presente formato y las casillas de "Descripción", "Porcentaje" de la Administración, Imprevisto, Utilidad y total A.I.U. resaltadas en color amarillo.
C7: Nº | D7: ÍTEM DE PAGO | E7: ESPECIFICACIONES | G7: DESCRIPCIÓN | H7: UND. | I7: CANTIDAD | J7: VALOR UNITARIO | K7: VALOR TOTAL
E8: GENERAL | F8: PARTICULAR
C9: 1 | D9: 1 | G9: PRELIMINARES
C10: 1 | D10: 1.01 | G10: LOCALIZACION Y REPLANTEO | H10: M2 | I10: 672 | K10: =+ROUND(J10*I10,0) -> 0
C11: 1 | D11: 1.02 | G11: DESCAPOTE MANUAL | H11: M3 | I11: 100.8 | K11: =+ROUND(J11*I11,0) -> 0
C12: 1 | D12: 1.03 | G12: DEMOLICIÓN DE PAVIMENTO PARA CONEXIONES ELÉCTRICAS Y SANITARIAS. | H12: M2 | I12: 11.95 | K12: =+ROUND(J12*I12,0) -> 0
C13: 1 | D13: 1.04 | G13: CONEXIÓN A SISTEMA DE ALCANTARILLADO, INCLUYE CÁMARA DE CAÍDA Y RESANE EN CONCRETO | H13: UND. | I13: 1 | K13: =+ROUND(J13*I13,0) -> 0
C14: Subtotal | K14: =+ROUND(SUM(K10:K13),2) -> 0
D15: 2 | G15: MOVIMIENTOS DE TIERRA
C16: 2 | D16: 2.01 | G16: EXCAVACION A MAQUINA (NO INCLUYE RETIRO DE SOBRANTES) | H16: M3 | I16: 67.2 | K16: =+ROUND(J16*I16,0) -> 0
C17: 2 | D17: 2.02 | G17: CONFORMACION Y NIVELACION DE TERRENO CON MAQUINA | H17: M2 | I17: 672 | K17: =+ROUND(J17*I17,0) -> 0
C18: 2 | D18: 2.03 | G18: EXCAVACION MANUAL EN TERRENO COMPACTADO PARA INSTALACIONES | H18: M3 | I18: 129.09 | K18: =+ROUND(J18*I18,0) -> 0
C19: 2 | D19: 2.04 | G19: RELLENO MATERIAL COMUN, INCLUYE SUMINISTRO Y COMPACTACION | H19: M3 | I19: 131.04 | K19: =+ROUND(J19*I19,0) -> 0
C20: 2 | D20: 2.05 | G20: TRANSPORTE DE MATERIALES PROVENIENTES DE LA EXCAVACIÓN DE LA EXPLANACIÓN, CANALES Y PRÉSTAMOS PARA DISTANCIAS MAYORES DE MIL METROS (1.000 M) MEDIDOS A PARTIR DE CIEN METROS (100 M) (ANALIZADO PARA VOLQUETA DE 6 M3) | H20: M3/KM | I20: 4634.6 | K20: =+ROUND(J20*I20,0) -> 0
C21: Subtotal | K21: =+ROUND(SUM(K16:K20),2) -> 0
D22: 3 | G22: CANCHA SINTETICA
C23: 3 | D23: 3.01 | G23: PLACA DE CONTRAPISO EN CONCRETO - f'c=3.000PSI - ESPESOR = 10 cm. | H23: M2 | I23: 589 | K23: =+ROUND(J23*I23,0) -> 0
C24: 3 | D24: 3.02 | G24: JUNTA DE DILATACION SELLO DE POLIURETANO ELASTOMERICO DE ALTO DESEMPEÑO Y CORDON DE ESPUMA PARA FONDO DE JUNTA Ø10MM-INCL. CORTE | H24: ML | I24: 326 | K24: =+ROUND(J24*I24,0) -> 0
C25: 3 | D25: 3.03 | G25: SUMINISTRO Y INSTALACION DE GRAMA SINTÉTICA COLOR VERDE,INCLUYE RELLENO, CAUCHO MOLIDO Y ARENA SILICE | H25: M2 | I25: 589 | K25: =+ROUND(J25*I25,0) -> 0
C26: 3 | D26: 3.04 | G26: CORDON CUNETA EN CONCRETO DE 3000 PSI REFORZADO DE MEDIDAS 20x20cm. INCLUYE REJILLA | H26: ML | I26: 81.8 | K26: =+ROUND(J26*I26,0) -> 0
C27: 3 | D27: 3.05 | G27: CAJA DE INSPECCIÓN DE 60X60X60CM, EN CONCRETO DE F'C=2.500PSI, INCLUYE EXCAVACIÓN Y TAPE, TAPA Y HERRAJES E INCLUYE TODO LO NECESARIO PARA SU CORRECTO FUNCIONAMIENTO. | H27: UND | I27: 4 | K27: =+ROUND(J27*I27,0) -> 0
C28: 3 | D28: 3.06 | G28: SUMINISTRO E INSTALACION DE TUBERÍA NOVAFORT P.V.C.-ALL 8", INCLUYE RELLENO CON MATERIAL SELECCIONADO DE EXCAVACIÓN. | H28: ML | I28: 19.1 | K28: =+ROUND(J28*I28,0) -> 0
C29: 3 | D29: 3.07 | G29: SUMINISTRO E INSTALACION DE JUEGO DE PORTERIAS CON ANCHO DE 3 X 2,44M, EN TUBERIA GALVANIZADA | H29: UND | I29: 2 | K29: =+ROUND(J29*I29,0) -> 0
C30: 3 | D30: 3.08 | G30: SUMINISTRO E INSTALACIÓN DE FILTRO FRANCÉS, INCLUYE TUBERÍA PERFORADA, MATERIAL FILTRANTE Y GEOTEXTIL | H30: ML | I30: 20.8 | K30: =+ROUND(J30*I30,0) -> 0
C31: 3 | D31: 3.09 | G31: PUNTO SANITARIO DE 6" EN TUBERIA | H31: UND | I31: 11 | K31: =+ROUND(J31*I31,0) -> 0
C32: 3 | D32: 3.1 | G32: SUMINSITRO E INSTALACION DE TUBERIA SANITARIA DE 6", INCLUYE RELLENO CON MATERIAL SELECCIONADO DE EXCAVACIÓN | H32: ML | I32: 91.5 | K32: =+ROUND(J32*I32,0) -> 0
C33: 3 | D33: 3.11 | G33: SUMINISTRO, CONFORMACIÓN Y COMPACTACIÓN DE RELLENO EN ARENA PARA CIMENTACIÓN DE TUBERÍA | H33: M3 | I33: 13.27 | K33: =+ROUND(J33*I33,0) -> 0
C34: 3 | D34: 3.12 | G34: ANDEN PERIMETRAL EN CONCRETO 3000 PSI | H34: M2 | I34: 83 | K34: =+ROUND(J34*I34,0) -> 0
... C36: 3 | D36: 3.14 | G36: SUMINISTRO E INSTALACIÓN DE CONCRETO DE 4000 PSI PARA PAVIMENTO RÍGIDO POR DEMOLICIONES | H36: M3 | I36: 3.59 | K36: =+ROUND(J36*I36,0) -> 0
C37: Subtotal | K37: =+ROUND(SUM(K23:K36),2) -> 0
D38: 4 | G38: CERRAMIENTO CANCHA SINTETICA
C39: 4 | D39: 4.01 | G39: SOLADOS EN CONCRETO DE 2500 PSI, E= 0,05 M | H39: M2 | I39: 25.5 | K39: =+ROUND(J39*I39,0) -> 0
C40: 4 | D40: 4.02 | G40: CONCRETO CICLOPEO (60% CONCRETO DE 3000 OSI - 40% PIEDRA) | H40: M3 | I40: 7.56 | K40: =+ROUND(J40*I40,0) -> 0
C41: 4 | D41: 4.03 | G41: ZAPATA EN CONCRETO DE 3000 PSI DE 0,60X0,6 M | H41: M3 | I41: 7.56 | K41: =+ROUND(J41*I41,0) -> 0
C42: 4 | D42: 4.04 | G42: PEDESTALES EN CONCRETO DE 3000 PSO DE 0,25X0,12 M | H42: ML | I42: 25.2 | K42: =+ROUND(J42*I42,0) -> 0
C43: 4 | D43: 4.05 | G43: VIGAS DE AMARRE EN CONCRETO DE 3000 PSI DE 0,25X0,25 M | H43: ML | I43: 102 | K43: =+ROUND(J43*I43,0) -> 0
C44: 4 | D44: 4.06 | G44: SUMINISTRO E INSTALACIÓN DE TUBO GALVANIZADO 2" PARA CERRAMIENTO | H44: ML | I44: 114 | K44: =+ROUND(J44*I44,0) -> 0
C45: 4 | D45: 4.07 | G45: MALLA NYLON PARA CERRAMIENTO LATERAL Y SUPERIOR, SEGÚN DISEÑO. | H45: M2 | I45: 1016 | K45: =+ROUND(J45*I45,0) -> 0
C46: 4 | D46: 4.08 | G46: SUMINISTRO E INSTALACIÓN MALLA ESLABONADA GALVANIZADA, INCLUYE ACCESORIOS PARA INSTALACIÓN Y ACABO EN PINTURA | H46: M2 | I46: 204 | K46: =+ROUND(J46*I46,0) -> 0
C47: 4 | D47: 4.09 | G47: CONSTRUCCIÓN DE MURO PERIMETRAL EN CONCRETO (NO INCLUYE ACERO DE REFUERZO) | H47: M3 | I47: 7.34 | K47: =+ROUND(J47*I47,0) -> 0
C48: 4 | D48: 4.1 | G48: SUMINISTRO E INSTALACIÓN DE PINTURA EN VINILO PARA EXTERIORES A TRES MANOS | H48: M2 | I48: 61.2 | K48: =+ROUND(J48*I48,0) -> 0
C49: 4 | D49: 4.11 | G49: =+'CAP. 4'!D977 -> SUMINISTRO E INSTALACIÓN PLATINA 1 1/2" X 1/8 PARA REFUERZO DEL CERRAMIENTO ZONA ARCOS, INCLUYE ACCESORIOS PARA INSTALACIÓN Y ACABO EN PINTURA | H49: ML | I49: 87.64 | K49: =+ROUND(J49*I49,0) -> 0
C50: Subtotal | K50: =+ROUND(SUM(K39:K49),2) -> 0
D51: 5 | G51: ACEROS
C52: 5 | D52: 5.01 | G52: ACERO 60000 PSI/TON REFUERZO FIGURADO | H52: KG | I52: 3047.84 | K52: =+ROUND(J52*I52,0) -> 0
C53: 5 | D53: 5.02 | G53: MALLA ELECTROSOLDADA 4MM, 15X15 CM | H53: M2 | I53: 672 | K53: =+ROUND(J53*I53,0) -> 0
C54: Subtotal | K54: =+ROUND(SUM(K52:K53),2) -> 0
D55: 6 | G55: INSTALACIONES ELECTRICAS
C56: 6 | D56: 6.01 | G56: SUMINISTRO E INSTALACIÓN DE LUMINARIA PARA EXTERIORES DE 300W DE ANGULO AJUSTABLE | H56: UND | I56: 8 | K56: =+ROUND(J56*I56,0) -> 0
C57: 6 | D57: 6.02 | G57: SUMINISTRO E INSTALACIÓN DE POSTE METÁLICO DE 9M, PARA MONTAJE DE HASTA 4 REFLECTORES, INCLUYE HERRAJES PARA MONTAJE DE 2 PANELES SOLARES DE (2.0X1.0X0.05M), CANASTILLA DE ANCLAJE, GALVANIZADO EN CALIENTE Y PINTURA ELECTROSTÁTICA. INCLUYE SERVICIO DE GRUA TELESCOPICA PARA ARMADO Y MONTAJE | H57: UND | I57: 4 | K57: =+ROUND(J57*I57,0) -> 0
C58: 6 | D58: 6.03 | G58: SUMINISTRO E INSTALACIÓN ESTRUCTURA DE ANCLAJE DE POSTE PARA ILUMINACION | H58: UND | I58: 4 | K58: =+ROUND(J58*I58,0) -> 0
C59: 6 | D59: 6.04 | G59: SUMINISTRO E INSTALACIÓN DE TABLERO DE CONTROL PARA CONTROL DE ILUMINACIÓN, INCLUYE 4 CONTACTORES DE 30A, 4 BREAKERS DE RIEL 2X20A, MULETILLAS Y PILOTOS DE CONTROL | H59: UND | I59: 1 | K59: =+ROUND(J59*I59,0) -> 0
C60: 6 | D60: 6.05 | G60: SUMINISTRO E INSTALACIÓN DE ACOMETIDA PRINCIPAL EN CABLE 2X8F+1X8N+8T PARA ALIMENTAR TABLERO BIFÁSICO | H60: ML | I60: 25.3 | K60: =+ROUND(J60*I60,0) -> 0
C61: 6 | D61: 6.06 | G61: SUMINISTRO E INSTALACIÓN DE TUBERÍA PVC DE 2" PARA TRANSPORTAR ACOMETIDA PRINCIPAL | H61: ML | I61: 25.3 | K61: =+ROUND(J61*I61,0) -> 0
C62: 6 | D62: 6.07 | G62: SUMINISTRO E INSTALACIÓN DE TUBERÍA IMC DE 1" PARA TRANSPORTAR CABLEADO INTERNO Y SISTEMA DE APANTALLAMIENTO | H62: ML | I62: 180 | K62: =+ROUND(J62*I62,0) -> 0
C63: 6 | D63: 6.08 | G63: SUMINISTRO E INSTALACIÓN DE CAJA DE DERIVACIÓN DE CIRCUITO 20X20X10CM | H63: UND | I63: 6 | K63: =+ROUND(J63*I63,0) -> 0
C64: 6 | D64: 6.09 | G64: SUMINISTRO E INSTALACIÓN DE CABLE ENCAUCHETADO 3X12 PARA ALIMENTACIÓN DE LUMINARIAS. | H64: ML | I64: 129 | K64: =+ROUND(J64*I64,0) -> 0
C65: 6 | D65: 6.1 | G65: SUMINISTRO E INSTALACIÓN DE PUNTAS CAPTADORAS DE 1,5 M | H65: UND | I65: 6 | K65: =+ROUND(J65*I65,0) -> 0
C66: 6 | D66: 6.11 | G66: SUMINISTRO E INSTALACIÓN DE ALAMBRÓN EN ALUMINIO DE 8MM | H66: ML | I66: 51 | K66: =+ROUND(J66*I66,0) -> 0
C67: 6 | D67: 6.12 | G67: SUMINISTRO E INSTALACIÓN DE AISLADORES SOPORTE PLÁSTICO 40MM LARGO | H67: UND | I67: 12 | K67: =+ROUND(J67*I67,0) -> 0
... C73: 6 | D73: 6.18 | G73: SUMINISTRO E INSTALACIÓN DE VARILLAS COPERWELD 5/8", 2,4M | H73: UND | I73: 6 | K73: =+ROUND(J73*I73,0) -> 0
C74: Subtotal | K74: =+ROUND(SUM(K56:K73),2) -> 0
C75: SUBTOTAL OBRAS | K75: =ROUND(SUM(K74,K50,K37,K21,K14,K54),2) -> 0
C76: PLAN DE MANEJO AMBIENTAL PMA
G78: SUBTOTAL OBRAS (INCLUYE IVA) | K78: =+K75+K76 -> 0
G79: VALOR TOTAL | K79: =+K78 -> 0
C82: NOTA 1: Se debe tener en cuenta que el PRECIO UNITARIO incluye el valor de A.I.U. | H82: DESCRIPCIÓN | K82: PORCENTAJE
C83: NOTA 2: Cuando la fracción decimal del peso sea igual o superior a 5 se aproximara por exceso al número entero siguiente del peso y cuando la fracción decimal del peso sea inferior a 5 se aproximará por defecto al número entero del peso. | H83: ADMINISTRACIÓN | J83: A= | K83: [Ofrecimiento del Proponente]
C84: NOTA 3: El A.I.U y su discriminación deben estar en porcentaje (%). | H84: IMPREVISTO | J84: I= | K84: [Ofrecimiento del Proponente]
H85: UTILIDAD | J85: U= | K85: [Ofrecimiento del Proponente]
H86: TOTAL A.I.U | J86: A.I.U.= | K86: [Ofrecimiento del Proponente]
G89: Firma del Proponente o de su representante legal

Sheet CAP. 1
C3: Formulario 1 - Propuesta económica - Licitación de obra pública de infraestructura social
D4: Version 2 del 21 de agosto de 2025
C6: [La Entidad podrá utilizar este Formato para la presentación de los análisis de Precios Unitarios del Contratista en la oportunidad prevista en el numeral 8.2. del Documento Base]
D9: ALCALDIA MUNICIPAL DE ZAPATOCA
L10: VERSIÓN
D11: CONSTRUCCIÓN DE CANCHA DE MICROFUTBOL EN GRAMA SINTETICA EN EL CORREGIMIENTO DE LA FUENTE MUNICIPIO DE ZAPATOCA, DEPARTAMENTO DE SANTANDER
L12: PÁGINA | N12: DE
D14: ANÁLISIS DE PRECIOS UNITARIOS
L16: FECHA | M16: DD | N16: MM | O16: AA
M17: 1 | N17: 9 | O17: 2026
C21: DATOS ESPECÍFICOS
C23: ÍTEM | D23: DESCRIPCIÓN | M23: UNIDAD | O23: CANTIDAD
C24: 1.01 | D24: LOCALIZACIÓN Y REPLANTEO | M24: M2 | O24: =+O67 -> 5316
C25: I. EQUIPO
T27: RENDIMIENTO
C28: DESCRIPCIÓN | J28: UNIDAD | L28: TARIFA/HORA | M28: RENDIMIENTO | O28: Vr. UNITARIO | T28: 0.1
C29: HERRAMIENTA MENOR | J29: % | L29: =+O55 -> 2690.6743 | M29: =+$T$28 -> 0.1 | O29: =+L29*M29 -> 269.06743
C30: EQUIPO DE TOPOGRAFÍA | J30: HORA | L30: 16300 | M30: 0.06 | O30: =+M30*L30 -> 978
O31: =+M31*L31 -> 0
C32: SUBTOTAL $ | O32: =+SUM(O29:O31) -> 1247.0674
C33: II. MATERIALES
C36: DESCRIPCIÓN | J36: UNIDAD | L36: CANTIDAD | M36: PRECIO UNIT. | O36: Vr. UNITARIO | U36: =1/0.06 -> 16.666667
O37: =+M37*L37 -> 0
O38: =+M38*L38 -> 0
C39: SUBTOTAL $ | O39: =+SUM(O37:O38) -> 0
C40: III. TRANSPORTES
C43: MATERIAL | J43: VOL. o PESO | K43: DISTANCIA | L43: M3 o Ton/Km | M43: TARIFA | O43: Vr. UNITARIO
O44: =+M44*L44 -> 0
O45: 0
C46: SUBTOTAL $ | O46: =+SUM(O44:O45) -> 0
C47: IV. MANO DE OBRA
C50: TRABAJADOR | J50: UNIDAD | L50: JORNAL TOTAL | M50: RENDIMIENTO | O50: Vr. UNITARIO
C51: M.O. TOPOGRAFIA 1 CADENERO 1 TOP | J51: DIA | L51: =+'DESGLOSE CUADRILLAS'!L37 -> 363604.63 | M51: 0.0074 | O51: =+M51*L51 -> 2690.6743
S52: =1/0.007 -> 142.85714
O54: =+M54*L54 -> 0
C55: SUBTOTAL $ | O55: =+SUM(O51:O53) -> 2690.6743
C57: TOTAL COSTO DIRECTO $ | O57: =+ROUND(O32+O39+O46+O55,0) -> 3938
C58: V. COSTOS INDIRECTOS
C61: Descripción | L61: Porcentaje | M61: Valor Total
C62: ADMINISTRACION | L62: 0.29 | M62: =+O57 -> 3938 | O62: =+M62*L62 -> 1142.02
C63: IMPREVISTOS | L63: 0.01 | M63: =+O57 -> 3938 | O63: =+M63*L63 -> 39.38
C64: UTILIDAD | L64: 0.05 | M64: =+O57 -> 3938 | O64: =+M64*L64 -> 196.9
C65: SUBTOTAL $ | O65: =+SUM(O62:O64) -> 1378.3
C67: Precio Unitario Total Aproximado al peso $ | O67: =ROUND(+O65+O57,0) -> 5316
H69: Firma
H70: Nombre:
H71: Representante legal del Contratista o su apoderado
H72: Matricula:
C74: OBSERVACIONES INTERVENTORÍA
C78: APROBACIÓN POR INTERVENTORÍA
C79: Nota 1: Cuando se trate de análisis de Precios Unitarios correspondientes a ítems de la propuesta económica aprobada, el Interventor aprueba el desglose de los componentes manteniendo el mismo Precio Unitario de cada ítem, cumpliendo con las especificaciones de construcción vigentes para el proyecto.
C81: Nota 2: Cuando se trate de análisis de Precios Unitarios de ítems no previstos, el Interventor aprueba el desglose y Precio Unitario de cada ítem no previsto, exigiendo la aplicación de los costos correspondientes a insumos y tarifas de la propuesta económica inicial cuando estén contemplados, cumpliendo con las especificaciones de construcción vigente para el proyecto.
H84: Firma
H85: Nombre:
H86: Representante legal del Interventor o su apoderado
H87: Matricula :
C93: Formulario 1 - Propuesta económica - Licitación de obra pública de infraestructura social
D94: Version 2 del 21 de agosto de 2025
C96: [La Entidad podrá utilizar este Formato para la presentación de los análisis de Precios Unitarios del Contratista en la oportunidad prevista en el numeral 8.2. del Documento Base]
D99: ALCALDIA MUNICIPAL DE ZAPATOCA
L100: VERSIÓN
D101: CONSTRUCCIÓN DE CANCHA DE MICROFUTBOL EN GRAMA SINTETICA EN EL CORREGIMIENTO DE LA FUENTE MUNICIPIO DE ZAPATOCA, DEPARTAMENTO DE SANTANDER
L102: PÁGINA | N102: DE
D104: ANÁLISIS DE PRECIOS UNITARIOS
L106: FECHA | M106: DD | N106: MM | O106: AA
M107: 1 | N107: 9 | O107: 2026
C111: DATOS ESPECÍFICOS
C113: ÍTEM | D113: DESCRIPCIÓN | M113: UNIDAD | O113: CANTIDAD
C114: 1.02 | D114: DESCAPOTE MANUAL | M114: M3 | O114: =+O157 -> 57852
C115: I. EQUIPO
C118: DESCRIPCIÓN | J118: UNIDAD | L118: TARIFA/HORA | M118: RENDIMIENTO | O118: Vr. UNITARIO
C119: HERRAMIENTA MENOR | J119: % | L119: =+O145 -> 38957.639 | M119: =+$T$28 -> 0.1 | O119: =+L119*M119 -> 3895.7639
O120: =+M120*L120 -> 0
O121: =+M121*L121 -> 0
C122: SUBTOTAL $ | O122: =+SUM(O119:O121) -> 3895.7639
C123: II. MATERIALES
C126: DESCRIPCIÓN | J126: UNIDAD | L126: CANTIDAD | M126: PRECIO UNIT. | O126: Vr. UNITARIO
O127: =+M127*L127 -> 0
O128: =+M128*L128 -> 0
C129: SUBTOTAL $ | O129: =+SUM(O127:O128) -> 0
C130: III. TRANSPORTES
C133: MATERIAL | J133: VOL. o PESO | K133: DISTANCIA | L133: M3 o Ton/Km | M133: TARIFA | O133: Vr. UNITARIO
O134: =+M134*L134 -> 0
O135: 0
C136: SUBTOTAL $ | O136: =+SUM(O134:O135) -> 0
C137: IV. MANO DE OBRA
C140: TRABAJADOR | J140: UNIDAD | L140: JORNAL TOTAL | M140: RENDIMIENTO | O140: Vr. UNITARIO
C141: M.O. ALBAÑERIA 1 AYUDANTE - 1 OFI | J141: DIA | L141: =+'DESGLOSE CUADRILLAS'!J16 -> 311661.11 | M141: 0.125 | O141: =+M141*L141 -> 38957.639
O142: =+M142*L142 -> 0
O143: =+M143*L143 -> 0
O144: =+M144*L144 -> 0
C145: SUBTOTAL $ | O145: =+SUM(O141:O144) -> 38957.639
C147: TOTAL COSTO DIRECTO $ | O147: =+ROUND(O122+O129+O136+O145,0) -> 42853
C148: V. COSTOS INDIRECTOS
C151: Descripción | L151: Porcentaje | M151: Valor Total
C152: ADMINISTRACION | L152: 0.29 | M152: =+O147 -> 42853 | O152: =+M152*L152 -> 12427.37
C153: IMPREVISTOS | L153: 0.01 | M153: =+O147 -> 42853 | O153: =+M153*L153 -> 428.53
C154: UTILIDAD | L154: 0.05 | M154: =+O147 -> 42853 | O154: =+M154*L154 -> 2142.65
C155: SUBTOTAL $ | O155: =+SUM(O152:O154) -> 14998.55
C157: Precio Unitario Total Aproximado al peso $ | O157: =ROUND(+O155+O147,0) -> 57852
...

Sheet CAP. 2
C3: Formulario 1 - Propuesta económica - Licitación de obra pública de infraestructura social
D4: Version 2 del 21 de agosto de 2025
C6: [La Entidad podrá utilizar este Formato para la presentación de los análisis de Precios Unitarios del Contratista en la oportunidad prevista en el numeral 8.2. del Documento Base]
D9: ALCALDIA MUNICIPAL DE ZAPATOCA
L10: VERSIÓN
D11: CONSTRUCCIÓN DE CANCHA DE MICROFUTBOL EN GRAMA SINTETICA EN EL CORREGIMIENTO DE LA FUENTE MUNICIPIO DE ZAPATOCA, DEPARTAMENTO DE SANTANDER
L12: PÁGINA | N12: DE
D14: ANÁLISIS DE PRECIOS UNITARIOS
L16: FECHA | M16: DD | N16: MM | O16: AA
M17: 1 | N17: 9 | O17: 2026
C21: DATOS ESPECÍFICOS
C23: ÍTEM | D23: DESCRIPCIÓN | M23: UNIDAD | O23: CANTIDAD
C24: 2.01 | D24: EXCAVACION A MAQUINA (NO INCLUYE RETIRO DE SOBRANTES) | M24: M3 | O24: =+O67 -> 28928
C25: I. EQUIPO
T27: RENDIMIENTO
C28: DESCRIPCIÓN | J28: UNIDAD | L28: TARIFA/HORA | M28: RENDIMIENTO | O28: Vr. UNITARIO | T28: 0.1
C29: HERRAMIENTA MENOR | J29: % | L29: =+O55 -> 3116.6111 | M29: =+$T$28 -> 0.1 | O29: =+L29*M29 -> 311.66111
C30: RETROEXCAVADORA SOBRE LLANTAS POTENCIA 64 HP | J30: HORA | L30: 200000 | M30: 0.09 | O30: =+M30*L30 -> 18000
O31: =+M31*L31 -> 0
C32: SUBTOTAL $ | O32: =+SUM(O29:O31) -> 18311.661
C33: II. MATERIALES
C36: DESCRIPCIÓN | J36: UNIDAD | L36: CANTIDAD | M36: PRECIO UNIT. | O36: Vr. UNITARIO
O37: =+M37*L37 -> 0
O38: =+M38*L38 -> 0
C39: SUBTOTAL $ | O39: =+SUM(O37:O38) -> 0
C40: III. TRANSPORTES
C43: MATERIAL | J43: VOL. o PESO | K43: DISTANCIA | L43: M3 o Ton/Km | M43: TARIFA | O43: Vr. UNITARIO
O44: =+M44*L44 -> 0
O45: 0
C46: SUBTOTAL $ | O46: =+SUM(O44:O45) -> 0
C47: IV. MANO DE OBRA
C50: TRABAJADOR | J50: UNIDAD | L50: JORNAL TOTAL | M50: RENDIMIENTO | O50: Vr. UNITARIO
C51: M.O. ALBAÑERIA 1 AYUDANTE - 1 OFI | J51: DIA | L51: =+'DESGLOSE CUADRILLAS'!J16 -> 311661.11 | M51: 0.01 | O51: =+M51*L51 -> 3116.6111
O52: =+M52*L52 -> 0
O53: =+M53*L53 -> 0
O54: =+M54*L54 -> 0
C55: SUBTOTAL $ | O55: =+SUM(O51:O54) -> 3116.6111
C57: TOTAL COSTO DIRECTO $ | O57: =+ROUND(O32+O39+O46+O55,0) -> 21428
C58: V. COSTOS INDIRECTOS
C61: Descripción | L61: Porcentaje | M61: Valor Total
C62: ADMINISTRACION | L62: 0.29 | M62: =+O57 -> 21428 | O62: =+M62*L62 -> 6214.12
C63: IMPREVISTOS | L63: 0.01 | M63: =+O57 -> 21428 | O63: =+M63*L63 -> 214.28
C64: UTILIDAD | L64: 0.05 | M64: =+O57 -> 21428 | O64: =+M64*L64 -> 1071.4
C65: SUBTOTAL $ | O65: =+SUM(O62:O64) -> 7499.8
C67: Precio Unitario Total Aproximado al peso $ | O67: =ROUND(+O65+O57,0) -> 28928
H69: Firma
H70: Nombre:
H71: Representante legal del Contratista o su apoderado
H72: Matricula:
C74: OBSERVACIONES INTERVENTORÍA
C78: APROBACIÓN POR INTERVENTORÍA
C79: Nota 1: Cuando se trate de análisis de Precios Unitarios correspondientes a ítems de la propuesta económica aprobada, el Interventor aprueba el desglose de los componentes manteniendo el mismo Precio Unitario de cada ítem, cumpliendo con las especificaciones de construcción vigentes para el proyecto.
C81: Nota 2: Cuando se trate de análisis de Precios Unitarios de ítems no previstos, el Interventor aprueba el desglose y Precio Unitario de cada ítem no previsto, exigiendo la aplicación de los costos correspondientes a insumos y tarifas de la propuesta económica inicial cuando estén contemplados, cumpliendo con las especificaciones de construcción vigente para el proyecto.
H84: Firma
H85: Nombre:
H86: Representante legal del Interventor o su apoderado
H87: Matricula :
C93: Formulario 1 - Propuesta económica - Licitación de obra pública de infraestructura social
D94: Version 2 del 21 de agosto de 2025
C96: [La Entidad podrá utilizar este Formato para la presentación de los análisis de Precios Unitarios del Contratista en la oportunidad prevista en el numeral 8.2. del Documento Base]
D99: ALCALDIA MUNICIPAL DE ZAPATOCA
L100: VERSIÓN
D101: CONSTRUCCIÓN DE CANCHA DE MICROFUTBOL EN GRAMA SINTETICA EN EL CORREGIMIENTO DE LA FUENTE MUNICIPIO DE ZAPATOCA, DEPARTAMENTO DE SANTANDER
L102: PÁGINA | N102: DE
D104: ANÁLISIS DE PRECIOS UNITARIOS
L106: FECHA | M106: DD | N106: MM | O106: AA
M107: 1 | N107: 9 | O107: 2026
C112: DATOS ESPECÍFICOS
C114: ÍTEM | D114: DESCRIPCIÓN | M114: UNIDAD | O114: CANTIDAD
C115: 2.02 | D115: CONFORMACION Y NIVELACION DE TERRENO CON MAQUINA | M115: M2 | O115: =+O159 -> 9540
C116: I. EQUIPO
C119: DESCRIPCIÓN | J119: UNIDAD | L119: TARIFA/HORA | M119: RENDIMIENTO | O119: Vr. UNITARIO
C120: HERRAMIENTA MENOR | J120: % | L120: =+O147 -> 560.99 | M120: =+$T$28 -> 0.1 | O120: =+L120*M120 -> 56.099
C121: MOTONIVELADORA POTENCIA 215 HP, ANCHO DE CUCHILLA 4,27 M, PESO 18 TON | J121: HORA | L121: 250000 | M121: 0.015 | O121: =+M121*L121 -> 3750
C122: CARROTANQUE 1000 LTS | J122: HORA | L122: 90000 | M122: 0.005 | O122: =+M122*L122 -> 450
C123: VIBROCOMPACTADOR DINAPAC CA 15 | J123: HORA | L123: 150000 | M123: 0.015 | O123: =+M123*L123 -> 2250
C124: SUBTOTAL $ | O124: =+SUM(O120:O123) -> 6506.099
C125: II. MATERIALES
C128: DESCRIPCIÓN | J128: UNIDAD | L128: CANTIDAD | M128: PRECIO UNIT. | O128: Vr. UNITARIO
O129: =+M129*L129 -> 0
O130: =+M130*L130 -> 0
C131: SUBTOTAL $ | O131: =+SUM(O129:O130) -> 0
C132: III. TRANSPORTES
C135: MATERIAL | J135: VOL. o PESO | K135: DISTANCIA | L135: M3 o Ton/Km | M135: TARIFA | O135: Vr. UNITARIO
O136: =+M136*L136 -> 0
O137: 0
C138: SUBTOTAL $ | O138: =+SUM(O136:O137) -> 0
C139: IV. MANO DE OBRA
C142: TRABAJADOR | J142: UNIDAD | L142: JORNAL TOTAL | M142: RENDIMIENTO | O142: Vr. UNITARIO
C143: M.O. ALBAÑERIA 1 AYUDANTE - 1 OFI | J143: DIA | L143: =+L51 -> 311661.11 | M143: 0.0018 | O143: =+M143*L143 -> 560.99
O144: =+M144*L144 -> 0
O145: =+M145*L145 -> 0
O146: =+M146*L146 -> 0
C147: SUBTOTAL $ | O147: =+SUM(O143:O146) -> 560.99
C149: TOTAL COSTO DIRECTO $ | O149: =+ROUND(O124+O131+O138+O147,0) -> 7067
C150: V. COSTOS INDIRECTOS
C153: Descripción | L153: Porcentaje | M153: Valor Total
C154: ADMINISTRACION | L154: 0.29 | M154: =+O149 -> 7067 | O154: =+M154*L154 -> 2049.43
C155: IMPREVISTOS | L155: 0.01 | M155: =+O149 -> 7067 | O155: =+M155*L155 -> 70.67
C156: UTILIDAD | L156: 0.05 | M156: =+O149 -> 7067 | O156: =+M156*L156 -> 353.35
...

Sheet CAP. 3
C3: Formulario 1 - Propuesta económica - Licitación de obra pública de infraestructura social
D4: Version 2 del 21 de agosto de 2025
C6: [La Entidad podrá utilizar este Formato para la presentación de los análisis de Precios Unitarios del Contratista en la oportunidad prevista en el numeral 8.2. del Documento Base]
D9: ALCALDIA MUNICIPAL DE ZAPATOCA
L10: VERSIÓN
D11: CONSTRUCCIÓN DE CANCHA DE MICROFUTBOL EN GRAMA SINTETICA EN EL CORREGIMIENTO DE LA FUENTE MUNICIPIO DE ZAPATOCA, DEPARTAMENTO DE SANTANDER
L12: PÁGINA | N12: DE
D14: ANÁLISIS DE PRECIOS UNITARIOS
L16: FECHA | M16: DD | N16: MM | O16: AA
M17: 1 | N17: 9 | O17: 2026
C22: DATOS ESPECÍFICOS
C24: ÍTEM | D24: DESCRIPCIÓN | M24: UNIDAD | O24: CANTIDAD
C25: 3.01 | D25: PLACA DE CONTRAPISO EN CONCRETO - f'c=3.000PSI - ESPESOR = 10 cm. | M25: M2 | O25: =+O71 -> 190545
C26: I. EQUIPO
T28: RENDIMIENTO
C29: DESCRIPCIÓN | J29: UNIDAD | L29: TARIFA/HORA | M29: RENDIMIENTO | O29: Vr. UNITARIO | T29: 0.1
C30: HERRAMIENTA MENOR | J30: % | L30: =+O59 -> 31166.111 | M30: =+$T$29 -> 0.1 | O30: =+L30*M30 -> 3116.6111
C31: VIBRADOR DE CONCRETO CON OPERADOR | J31: DIA | L31: 70000 | M31: 0.025 | O31: =+M31*L31 -> 1750
C32: FORMALETA | J32: DIA | L32: 25000 | M32: 0.3 | O32: =+M32*L32 -> 7500
C34: SUBTOTAL $ | O34: =+SUM(O30:O33) -> 12366.611
C35: II. MATERIALES
C38: DESCRIPCIÓN | J38: UNIDAD | K38: CANTIDAD | L38: DESPERDICIO | M38: PRECIO UNIT. | O38: Vr. UNITARIO
C39: CONCRETO DE 3000 PSI ELABORADO EN OBRA | J39: M3 | K39: 0.1 | L39: 0.05 | M39: 882488.1 | O39: =+(M39*K39)+(M39*K39*L39) -> 92661.25
C40: ANTISOL ROJO | J40: KG | K40: 0.23 | L40: 0.05 | M40: 20500 | O40: =+(M40*K40)+(M40*K40*L40) -> 4950.75
C43: SUBTOTAL $ | O43: =+SUM(O39:O42) -> 97612
C44: III. TRANSPORTES
C47: MATERIAL | J47: VOL. o PESO | K47: DISTANCIA | L47: M3 o Ton/Km | M47: TARIFA | O47: Vr. UNITARIO
O48: =+M48*L48 -> 0
O49: 0
C50: SUBTOTAL $ | O50: =+SUM(O48:O49) -> 0
C51: IV. MANO DE OBRA
C54: TRABAJADOR | J54: UNIDAD | L54: JORNAL TOTAL | M54: RENDIMIENTO | O54: Vr. UNITARIO
C55: M.O. ALBAÑERIA 1 AYUDANTE - 1 OFI | J55: DIA | L55: =+'DESGLOSE CUADRILLAS'!J16 -> 311661.11 | M55: 0.1 | O55: =+M55*L55 -> 31166.111
O56: =+M56*L56 -> 0
O57: =+M57*L57 -> 0
O58: =+M58*L58 -> 0
C59: SUBTOTAL $ | O59: =+SUM(O55:O58) -> 31166.111
C61: TOTAL COSTO DIRECTO $ | O61: =+ROUND(O34+O43+O50+O59,0) -> 141145
C62: V. COSTOS INDIRECTOS
C65: Descripción | L65: Porcentaje | M65: Valor Total
C66: ADMINISTRACION | L66: 0.29 | M66: =+O61 -> 141145 | O66: =+M66*L66 -> 40932.05
C67: IMPREVISTOS | L67: 0.01 | M67: =+O61 -> 141145 | O67: =+M67*L67 -> 1411.45
C68: UTILIDAD | L68: 0.05 | M68: =+O61 -> 141145 | O68: =+M68*L68 -> 7057.25
C69: SUBTOTAL $ | O69: =+SUM(O66:O68) -> 49400.75
C71: Precio Unitario Total Aproximado al peso $ | O71: =ROUNDDOWN(+O69+O61,0) -> 190545
H73: Firma
H74: Nombre:
H75: Representante legal del Contratista o su apoderado
H76: Matricula:
C78: OBSERVACIONES INTERVENTORÍA
C82: APROBACIÓN POR INTERVENTORÍA
C83: Nota 1: Cuando se trate de análisis de Precios Unitarios correspondientes a ítems de la propuesta económica aprobada, el Interventor aprueba el desglose de los componentes manteniendo el mismo Precio Unitario de cada ítem, cumpliendo con las especificaciones de construcción vigentes para el proyecto.
C85: Nota 2: Cuando se trate de análisis de Precios Unitarios de ítems no previstos, el Interventor aprueba el desglose y Precio Unitario de cada ítem no previsto, exigiendo la aplicación de los costos correspondientes a insumos y tarifas de la propuesta económica inicial cuando estén contemplados, cumpliendo con las especificaciones de construcción vigente para el proyecto.
H88: Firma
H89: Nombre:
H90: Representante legal del Interventor o su apoderado
H91: Matricula :
C97: Formulario 1 - Propuesta económica - Licitación de obra pública de infraestructura social
D98: Version 2 del 21 de agosto de 2025
C100: [La Entidad podrá utilizar este Formato para la presentación de los análisis de Precios Unitarios del Contratista en la oportunidad prevista en el numeral 8.2. del Documento Base]
D103: ALCALDIA MUNICIPAL DE ZAPATOCA
L104: VERSIÓN
D105: CONSTRUCCIÓN DE CANCHA DE MICROFUTBOL EN GRAMA SINTETICA EN EL CORREGIMIENTO DE LA FUENTE MUNICIPIO DE ZAPATOCA, DEPARTAMENTO DE SANTANDER
L106: PÁGINA | N106: DE
D108: ANÁLISIS DE PRECIOS UNITARIOS
L110: FECHA | M110: DD | N110: MM | O110: AA
M111: 1 | N111: 9 | O111: 2026
C116: DATOS ESPECÍFICOS
C118: ÍTEM | D118: DESCRIPCIÓN | M118: UNIDAD | O118: CANTIDAD
C119: 3.02 | D119: JUNTA DE DILATACION SELLO DE POLIURETANO ELASTOMERICO DE ALTO DESEMPEÑO Y CORDON DE ESPUMA PARA FONDO DE JUNTA Ø10MM-INCL. CORTE | M119: ML | O119: =+O163 -> 28278
C120: I. EQUIPO
C123: DESCRIPCIÓN | J123: UNIDAD | L123: TARIFA/HORA | M123: RENDIMIENTO | O123: Vr. UNITARIO
C124: HERRAMIENTA MENOR | J124: % | L124: =+O151 -> 3116.6111 | M124: =+$T$29 -> 0.1 | O124: =+L124*M124 -> 311.66111
C125: CORTADORA | J125: HORA | L125: 25000 | M125: 0.03 | O125: =+M125*L125 -> 750
C126: COMPRESOR (BARRIDO Y SOPLADO) | J126: HORA | L126: 66000 | M126: 0.025 | O126: =+M126*L126 -> 1650
O127: =+M127*L127 -> 0
C128: SUBTOTAL $ | O128: =+SUM(O124:O127) -> 2711.6611
C129: II. MATERIALES
C132: DESCRIPCIÓN | J132: UNIDAD | K132: CANTIDAD | L132: DESPERDICIO | M132: PRECIO UNIT. | O132: Vr. UNITARIO
C133: SIKAFLEX 401 PAVEMENT | J133: UND | K133: 0.18 | L133: 0.05 | M133: 71100 | O133: =+(M133*K133)+(M133*K133*L133) -> 13437.9
C134: CORDON PARA SELLADO DE JUNTAS | J134: ML | K134: 1 | L134: 0.05 | M134: 1600 | O134: =+(M134*K134)+(M134*K134*L134) -> 1680
C135: SUBTOTAL $ | O135: =+SUM(O133:O134) -> 15117.9
C136: III. TRANSPORTES
C139: MATERIAL | J139: VOL. o PESO | K139: DISTANCIA | L139: M3 o Ton/Km | M139: TARIFA | O139: Vr. UNITARIO
O140: =+M140*L140 -> 0
O141: 0
C142: SUBTOTAL $ | O142: =+SUM(O140:O141) -> 0
C143: IV. MANO DE OBRA
C146: TRABAJADOR | J146: UNIDAD | L146: JORNAL TOTAL | M146: RENDIMIENTO | O146: Vr. UNITARIO
C147: M.O. ALBAÑERIA 1 AYUDANTE - 1 OFI | J147: DIA | L147: =+L55 -> 311661.11 | M147: 0.01 | O147: =+M147*L147 -> 3116.6111
O148: =+M148*L148 -> 0
O149: =+M149*L149 -> 0
O150: =+M150*L150 -> 0
C151: SUBTOTAL $ | O151: =+SUM(O147:O150) -> 3116.6111
C153: TOTAL COSTO DIRECTO $ | O153: =+ROUNDUP(O128+O135+O142+O151,0) -> 20947
C154: V. COSTOS INDIRECTOS
C157: Descripción | L157: Porcentaje | M157: Valor Total
C158: ADMINISTRACION | L158: 0.29 | M158: =+O153 -> 20947 | O158: =+M158*L158 -> 6074.63
C159: IMPREVISTOS | L159: 0.01 | M159: =+O153 -> 20947 | O159: =+M159*L159 -> 209.47
C160: UTILIDAD | L160: 0.05 | M160: =+O153 -> 20947 | O160: =+M160*L160 -> 1047.35
...

Sheet CAP. 4
C3: Formulario 1 - Propuesta económica - Licitación de obra pública de infraestructura social
D4: Version 2 del 21 de agosto de 2025
C6: [La Entidad podrá utilizar este Formato para la presentación de los análisis de Precios Unitarios del Contratista en la oportunidad prevista en el numeral 8.2. del Documento Base]
D9: ALCALDIA MUNICIPAL DE ZAPATOCA
L10: VERSIÓN
D11: CONSTRUCCIÓN DE CANCHA DE MICROFUTBOL EN GRAMA SINTETICA EN EL CORREGIMIENTO DE LA FUENTE MUNICIPIO DE ZAPATOCA, DEPARTAMENTO DE SANTANDER
L12: PÁGINA | N12: DE
D14: ANÁLISIS DE PRECIOS UNITARIOS
L16: FECHA | M16: DD | N16: MM | O16: AA
M17: 1 | N17: 9 | O17: 2026
C22: DATOS ESPECÍFICOS
C24: ÍTEM | D24: DESCRIPCIÓN | M24: UNIDAD | O24: CANTIDAD
C25: 4.01 | D25: SOLADOS EN CONCRETO DE 2500 PSI, E= 0,05 M | M25: M2 | O25: =+O71 -> 89359
C26: I. EQUIPO
T28: RENDIMIENTO
C29: DESCRIPCIÓN | J29: UNIDAD | L29: TARIFA/HORA | M29: RENDIMIENTO | O29: Vr. UNITARIO | T29: 0.1
C30: HERRAMIENTA MENOR | J30: % | L30: =+O59 -> 24932.889 | M30: =+$T$29 -> 0.1 | O30: =+L30*M30 -> 2493.2889
O32: =+M32*L32 -> 0
O33: =+M33*L33 -> 0
C34: SUBTOTAL $ | O34: =+SUM(O30:O33) -> 2493.2889
C35: II. MATERIALES
C38: DESCRIPCIÓN | J38: UNIDAD | K38: CANTIDAD | L38: DESPERDICIO | M38: PRECIO UNIT. | O38: Vr. UNITARIO
C39: CONCRETO DE 2500 PSI ELABORADO EN OBRA | J39: M3 | K39: 0.05 | L39: 0.05 | M39: 738390.87 | O39: =+(M39*K39)+(M39*K39*L39) -> 38765.521
O40: =+(M40*K40)+(M40*K40*L40) -> 0
O41: =+(M41*K41)+(M41*K41*L41) -> 0
O42: =+(M42*K42)+(M42*K42*L42) -> 0
C43: SUBTOTAL $ | O43: =+SUM(O39:O42) -> 38765.521
C44: III. TRANSPORTES
C47: MATERIAL | J47: VOL. o PESO | K47: DISTANCIA | L47: M3 o Ton/Km | M47: TARIFA | O47: Vr. UNITARIO
O49: 0
C50: SUBTOTAL $ | O50: =+SUM(O48:O49) -> 0
C51: IV. MANO DE OBRA
C54: TRABAJADOR | J54: UNIDAD | L54: JORNAL TOTAL | M54: RENDIMIENTO | O54: Vr. UNITARIO
C55: M.O. ALBAÑERIA 1 AYUDANTE - 1 OFI | J55: DIA | L55: =+'DESGLOSE CUADRILLAS'!J16 -> 311661.11 | M55: 0.08 | O55: =+M55*L55 -> 24932.889
O56: =+M56*L56 -> 0
O57: =+M57*L57 -> 0
O58: =+M58*L58 -> 0
C59: SUBTOTAL $ | O59: =+SUM(O55:O58) -> 24932.889
C61: TOTAL COSTO DIRECTO $ | O61: =ROUNDUP(O34+O43+O50+O59,0) -> 66192
C62: V. COSTOS INDIRECTOS
C65: Descripción | L65: Porcentaje | M65: Valor Total
C66: ADMINISTRACION | L66: 0.29 | M66: =+O61 -> 66192 | O66: =+M66*L66 -> 19195.68
C67: IMPREVISTOS | L67: 0.01 | M67: =+O61 -> 66192 | O67: =+M67*L67 -> 661.92
C68: UTILIDAD | L68: 0.05 | M68: =+O61 -> 66192 | O68: =+M68*L68 -> 3309.6
C69: SUBTOTAL $ | O69: =+SUM(O66:O68) -> 23167.2
C71: Precio Unitario Total Aproximado al peso $ | O71: =ROUND(+O69+O61,0) -> 89359
H73: Firma
H74: Nombre:
H75: Representante legal del Contratista o su apoderado
H76: Matricula:
C78: OBSERVACIONES INTERVENTORÍA
C82: APROBACIÓN POR INTERVENTORÍA
C83: Nota 1: Cuando se trate de análisis de Precios Unitarios correspondientes a ítems de la propuesta económica aprobada, el Interventor aprueba el desglose de los componentes manteniendo el mismo Precio Unitario de cada ítem, cumpliendo con las especificaciones de construcción vigentes para el proyecto.
C85: Nota 2: Cuando se trate de análisis de Precios Unitarios de ítems no previstos, el Interventor aprueba el desglose y Precio Unitario de cada ítem no previsto, exigiendo la aplicación de los costos correspondientes a insumos y tarifas de la propuesta económica inicial cuando estén contemplados, cumpliendo con las especificaciones de construcción vigente para el proyecto.
H88: Firma
H89: Nombre:
H90: Representante legal del Interventor o su apoderado
H91: Matricula :
C97: Formulario 1 - Propuesta económica - Licitación de obra pública de infraestructura social
D98: Version 2 del 21 de agosto de 2025
C100: [La Entidad podrá utilizar este Formato para la presentación de los análisis de Precios Unitarios del Contratista en la oportunidad prevista en el numeral 8.2. del Documento Base]
D103: ALCALDIA MUNICIPAL DE ZAPATOCA
L104: VERSIÓN
D105: CONSTRUCCIÓN DE CANCHA DE MICROFUTBOL EN GRAMA SINTETICA EN EL CORREGIMIENTO DE LA FUENTE MUNICIPIO DE ZAPATOCA, DEPARTAMENTO DE SANTANDER
L106: PÁGINA | N106: DE
D108: ANÁLISIS DE PRECIOS UNITARIOS
L110: FECHA | M110: DD | N110: MM | O110: AA
M111: 1 | N111: 9 | O111: 2026
C116: DATOS ESPECÍFICOS
C118: ÍTEM | D118: DESCRIPCIÓN | M118: UNIDAD | O118: CANTIDAD
C119: 4.02 | D119: CONCRETO CICLOPEO (60% CONCRETO DE 3000 OSI - 40% PIEDRA) | M119: M3 | O119: =+O165 -> 1068026
C120: I. EQUIPO
C123: DESCRIPCIÓN | J123: UNIDAD | L123: TARIFA/HORA | M123: RENDIMIENTO | O123: Vr. UNITARIO
C124: HERRAMIENTA MENOR | J124: % | L124: =+O153 -> 132455.97 | M124: =+$T$29 -> 0.1 | O124: =+L124*M124 -> 13245.597
O127: =+M127*L127 -> 0
C128: SUBTOTAL $ | O128: =+SUM(O124:O127) -> 13245.597
C129: II. MATERIALES
C132: DESCRIPCIÓN | J132: UNIDAD | K132: CANTIDAD | L132: DESPERDICIO | M132: PRECIO UNIT. | O132: Vr. UNITARIO
C133: CONCRETO DE 3000 PSI ELABORADO EN OBRA | J133: M3 | K133: 0.6 | L133: 0.05 | M133: 882488.13 | O133: =+(M133*K133)+(M133*K133*L133) -> 555967.52
C134: PIEDRA RAJON | J134: M3 | K134: 0.4 | L134: 0.05 | M134: 105000 | O134: =+(M134*K134)+(M134*K134*L134) -> 44100
O135: =+(M135*K135)+(M135*K135*L135) -> 0
O136: =+(M136*K136)+(M136*K136*L136) -> 0
C137: SUBTOTAL $ | O137: =+SUM(O133:O136) -> 600067.52
C138: III. TRANSPORTES
C141: MATERIAL | J141: VOL. o PESO | K141: DISTANCIA | L141: M3 o Ton/Km | M141: TARIFA | O141: Vr. UNITARIO
C142: TRANSPORTE DE AGREGADOS Y RELLENOS DE CANTERA | J142: 0.42 | K142: 60 | M142: =+'CAP. 2'!O415 -> 1800 | O142: =+M142*K142*J142 -> 45360
O143: =+M143*K143*J143 -> 0
C144: SUBTOTAL $ | O144: =+SUM(O142:O143) -> 45360
C145: IV. MANO DE OBRA
C148: TRABAJADOR | J148: UNIDAD | L148: JORNAL TOTAL | M148: RENDIMIENTO | O148: Vr. UNITARIO
C149: M.O. ALBAÑERIA 1 AYUDANTE - 1 OFI | J149: DIA | L149: =+'DESGLOSE CUADRILLAS'!J16 -> 311661.11 | M149: 0.3 | O149: =+M149*L149 -> 93498.333
C150: M.O. ALBAÑERIA AYUDANTE | J150: DIA | L150: =+'DESGLOSE CUADRILLAS'!J20 -> 129858.8 | M150: =+M149 -> 0.3 | O150: =+M150*L150 -> 38957.639
O151: =+M151*L151 -> 0
O152: =+M152*L152 -> 0
C153: SUBTOTAL $ | O153: =+SUM(O149:O152) -> 132455.97
C155: TOTAL COSTO DIRECTO $ | O155: =ROUNDUP(O128+O137+O144+O153,0) -> 791130
C156: V. COSTOS INDIRECTOS
C159: Descripción | L159: Porcentaje | M159: Valor Total
C160: ADMINISTRACION | L160: 0.29 | M160: =+O155 -> 791130 | O160: =+M160*L160 -> 229427.7
C161: IMPREVISTOS | L161: 0.01 | M161: =+O155 -> 791130 | O161: =+M161*L161 -> 7911.3
...

Sheet CAP. 5
C3: Formulario 1 - Propuesta económica - Licitación de obra pública de infraestructura social
D4: Version 2 del 21 de agosto de 2025
C6: [La Entidad podrá utilizar este Formato para la presentación de los análisis de Precios Unitarios del Contratista en la oportunidad prevista en el numeral 8.2. del Documento Base]
D9: ALCALDIA MUNICIPAL DE ZAPATOCA
L10: VERSIÓN
D11: CONSTRUCCIÓN DE CANCHA DE MICROFUTBOL EN GRAMA SINTETICA EN EL CORREGIMIENTO DE LA FUENTE MUNICIPIO DE ZAPATOCA, DEPARTAMENTO DE SANTANDER
L12: PÁGINA | N12: DE
D14: ANÁLISIS DE PRECIOS UNITARIOS
L16: FECHA | M16: DD | N16: MM | O16: AA
M17: 1 | N17: 9 | O17: 2026
C21: DATOS ESPECÍFICOS
C23: ÍTEM | D23: DESCRIPCIÓN | M23: UNIDAD | O23: CANTIDAD
C24: 5.01 | D24: ACERO 60000 PSI/TON REFUERZO FIGURADO | M24: KG | O24: =+O70 -> 13433
C25: I. EQUIPO
T27: RENDIMIENTO
C28: DESCRIPCIÓN | J28: UNIDAD | L28: TARIFA/HORA | M28: RENDIMIENTO | O28: Vr. UNITARIO | T28: 0.1
C29: HERRAMIENTA MENOR | J29: % | L29: =+O58 -> 2493.2889 | M29: =+$T$28 -> 0.1 | O29: =+L29*M29 -> 249.32889
O31: =+M31*L31 -> 0
O32: =+M32*L32 -> 0
C33: SUBTOTAL $ | O33: =+SUM(O29:O32) -> 249.32889
C34: II. MATERIALES
C37: DESCRIPCIÓN | J37: UNIDAD | K37: CANTIDAD | L37: DESPERDICIO | M37: PRECIO UNIT. | O37: Vr. UNITARIO
C38: ACERO DE 60000 PSI SIN FIGURAR | J38: KG | K38: 1 | L38: 0.05 | M38: 6000 | O38: =+(M38*K38)+(M38*K38*L38) -> 6300
C39: ALAMBRE NEGRO RECOCIDO CAL. 18 | J39: KG | K39: 0.03 | L39: 0.05 | M39: 8000 | O39: =+(M39*K39)+(M39*K39*L39) -> 252
O40: =+(M40*K40)+(M40*K40*L40) -> 0
O41: =+(M41*K41)+(M41*K41*L41) -> 0
C42: SUBTOTAL $ | O42: =+SUM(O38:O41) -> 6552
C43: III. TRANSPORTES
C46: MATERIAL | J46: VOL. o PESO | K46: DISTANCIA | L46: M3 o Ton/Km | M46: TARIFA | O46: Vr. UNITARIO
C47: TRANSPORTE DE MATERIAL | J47: 0.1 | K47: 1 | M47: 6552 | O47: =+M47*K47*J47 -> 655.2
O48: 0
C49: SUBTOTAL $ | O49: =+SUM(O47:O48) -> 655.2
C50: IV. MANO DE OBRA
C53: TRABAJADOR | J53: UNIDAD | L53: JORNAL TOTAL | M53: RENDIMIENTO | O53: Vr. UNITARIO
C54: M.O. ALBAÑERIA 1 AYUDANTE - 1 OFI | J54: DIA | L54: =+'DESGLOSE CUADRILLAS'!J16 -> 311661.11 | M54: 0.008 | O54: =+M54*L54 -> 2493.2889
O55: =+M55*L55 -> 0
O56: =+M56*L56 -> 0
O57: =+M57*L57 -> 0
C58: SUBTOTAL $ | O58: =+SUM(O54:O57) -> 2493.2889
C60: TOTAL COSTO DIRECTO $ | O60: =ROUND(O33+O42+O49+O58,0) -> 9950
C61: V. COSTOS INDIRECTOS
C64: Descripción | L64: Porcentaje | M64: Valor Total
C65: ADMINISTRACION | L65: 0.29 | M65: =+O60 -> 9950 | O65: =+M65*L65 -> 2885.5
C66: IMPREVISTOS | L66: 0.01 | M66: =+O60 -> 9950 | O66: =+M66*L66 -> 99.5
C67: UTILIDAD | L67: 0.05 | M67: =+O60 -> 9950 | O67: =+M67*L67 -> 497.5
C68: SUBTOTAL $ | O68: =+SUM(O65:O67) -> 3482.5
C70: Precio Unitario Total Aproximado al peso $ | O70: =ROUND(+O68+O60,0) -> 13433
H72: Firma
H73: Nombre:
H74: Representante legal del Contratista o su apoderado
H75: Matricula:
C77: OBSERVACIONES INTERVENTORÍA
C81: APROBACIÓN POR INTERVENTORÍA
C82: Nota 1: Cuando se trate de análisis de Precios Unitarios correspondientes a ítems de la propuesta económica aprobada, el Interventor aprueba el desglose de los componentes manteniendo el mismo Precio Unitario de cada ítem, cumpliendo con las especificaciones de construcción vigentes para el proyecto.
C84: Nota 2: Cuando se trate de análisis de Precios Unitarios de ítems no previstos, el Interventor aprueba el desglose y Precio Unitario de cada ítem no previsto, exigiendo la aplicación de los costos correspondientes a insumos y tarifas de la propuesta económica inicial cuando estén contemplados, cumpliendo con las especificaciones de construcción vigente para el proyecto.
H87: Firma
H88: Nombre:
H89: Representante legal del Interventor o su apoderado
H90: Matricula :
C96: Formulario 1 - Propuesta económica - Licitación de obra pública de infraestructura social
D97: Version 2 del 21 de agosto de 2025
C99: [La Entidad podrá utilizar este Formato para la presentación de los análisis de Precios Unitarios del Contratista en la oportunidad prevista en el numeral 8.2. del Documento Base]
D102: ALCALDIA MUNICIPAL DE ZAPATOCA
L103: VERSIÓN
D104: CONSTRUCCIÓN DE CANCHA DE MICROFUTBOL EN GRAMA SINTETICA EN EL CORREGIMIENTO DE LA FUENTE MUNICIPIO DE ZAPATOCA, DEPARTAMENTO DE SANTANDER
L105: PÁGINA | N105: DE
D107: ANÁLISIS DE PRECIOS UNITARIOS
L109: FECHA | M109: DD | N109: MM | O109: AA
M110: 1 | N110: 9 | O110: 2026
C114: DATOS ESPECÍFICOS
C116: ÍTEM | D116: DESCRIPCIÓN | M116: UNIDAD | O116: CANTIDAD
C117: 5.02 | D117: MALLA ELECTROSOLDADA 4MM, 15X15 CM | M117: M2 | O117: =+O163 -> 31915
C118: I. EQUIPO
C121: DESCRIPCIÓN | J121: UNIDAD | L121: TARIFA/HORA | M121: RENDIMIENTO | O121: Vr. UNITARIO
C122: HERRAMIENTA MENOR | J122: % | L122: =+O151 -> 3116.6111 | M122: =+$T$28 -> 0.1 | O122: =+L122*M122 -> 311.66111
O124: =+M124*L124 -> 0
O125: =+M125*L125 -> 0
C126: SUBTOTAL $ | O126: =+SUM(O122:O125) -> 311.66111
C127: II. MATERIALES
C130: DESCRIPCIÓN | J130: UNIDAD | K130: CANTIDAD | L130: DESPERDICIO | M130: PRECIO UNIT. | O130: Vr. UNITARIO
C131: MALLA ELECTROSOLDADA | J131: M2 | K131: 1 | L131: 0.05 | M131: 17500 | O131: =+(M131*K131)+(M131*K131*L131) -> 18375
O133: =+(M133*K133)+(M133*K133*L133) -> 0
O134: =+(M134*K134)+(M134*K134*L134) -> 0
C135: SUBTOTAL $ | O135: =+SUM(O131:O134) -> 18375
C136: III. TRANSPORTES
C139: MATERIAL | J139: VOL. o PESO | K139: DISTANCIA | L139: M3 o Ton/Km | M139: TARIFA | O139: Vr. UNITARIO
C140: TRANSPORTE DE MATERIAL | J140: 0.1 | M140: 18375 | O140: =+M140*J140 -> 1837.5
O141: 0
C142: SUBTOTAL $ | O142: =+SUM(O140:O141) -> 1837.5
C143: IV. MANO DE OBRA
C146: TRABAJADOR | J146: UNIDAD | L146: JORNAL TOTAL | M146: RENDIMIENTO | O146: Vr. UNITARIO
C147: M.O. ALBAÑERIA 1 AYUDANTE - 1 OFI | J147: DIA | L147: =+'DESGLOSE CUADRILLAS'!J16 -> 311661.11 | M147: 0.01 | O147: =+L147*M147 -> 3116.6111
O148: =+M148*L148 -> 0
O149: =+M149*L149 -> 0
O150: =+M150*L150 -> 0
C151: SUBTOTAL $ | O151: =+SUM(O147:O150) -> 3116.6111
C153: TOTAL COSTO DIRECTO $ | O153: =ROUNDUP(O126+O135+O142+O151,0) -> 23641
C154: V. COSTOS INDIRECTOS
C157: Descripción | L157: Porcentaje | M157: Valor Total
C158: ADMINISTRACION | L158: 0.29 | M158: =+O153 -> 23641 | O158: =+M158*L158 -> 6855.89
...

Sheet CAP. 6
C3: Formulario 1 - Propuesta económica - Licitación de obra pública de infraestructura social
D4: Version 2 del 21 de agosto de 2025
C6: [La Entidad podrá utilizar este Formato para la presentación de los análisis de Precios Unitarios del Contratista en la oportunidad prevista en el numeral 8.2. del Documento Base]
D9: ALCALDIA MUNICIPAL DE ZAPATOCA
L10: VERSIÓN
D11: CONSTRUCCIÓN DE CANCHA DE MICROFUTBOL EN GRAMA SINTETICA EN EL CORREGIMIENTO DE LA FUENTE MUNICIPIO DE ZAPATOCA, DEPARTAMENTO DE SANTANDER
L12: PÁGINA | N12: 1 | O12: DE | P12: 1
D14: ANÁLISIS DE PRECIOS UNITARIOS
L16: FECHA | N16: DD | O16: MM | P16: AA
N17: 1 | O17: 9 | P17: 2026
C21: DATOS ESPECÍFICOS
C23: ÍTEM | D23: DESCRIPCIÓN | M23: UNIDAD | P23: CANTIDAD
C24: 6.01 | D24: SUMINISTRO E INSTALACIÓN DE LUMINARIA PARA EXTERIORES DE 300W DE ANGULO AJUSTABLE. | M24: UND | P24: =+P68 -> 3863530
C25: I. EQUIPO
U27: RENDIMIENTO
C28: DESCRIPCIÓN | H28: MARCA | J28: TIPO | L28: TARIFA/HORA | M28: RENDIMIENTO | P28: Vr. UNITARIO | U28: 0.1
C29: HERRAMIENTA MENOR | L29: =+P56 -> 623322.22 | M29: =+$U$28 -> 0.1 | P29: =+ROUND(M29*L29,2) -> 62332.22
C32: SUBTOTAL $ | P32: =+SUM(P29:P31) -> 62332.22
C33: II. MATERIALES
C36: DESCRIPCIÓN | K36: UNIDAD | L36: CANTIDAD | M36: DESPERDICIO | N36: PRECIO UNIT. | P36: Vr. UNITARIO
C37: LUMINARIA 300W | K37: UND | L37: 1 | M37: 0.05 | N37: 1890000 | P37: =+ROUND((L37*(1+M37)*N37),2) -> 1984500
C38: CAJA CON TAPA | K38: UND | L38: 1 | M38: 0.05 | N38: 32000 | P38: =+ROUND((L38*(1+M38)*N38),2) -> 33600
C39: ACCESORIOS PARA INSTALACION | K39: UND | L39: 1.5 | M39: 0.05 | N39: 10000 | P39: =+ROUND((L39*(1+M39)*N39),2) -> 15750
C40: SUBTOTAL $ | P40: =+SUM(P37:P39) -> 2033850
C41: III. TRANSPORTES
C44: MATERIAL | J44: RENDIMIENTO | K44: DISTANCIA | L44: M3 o Ton/Km | M44: TARIFA | P44: Vr. UNITARIO
C45: TRANSPORTE MATERIAL | J45: 0.07 | K45: 1 | M45: =+P40 -> 2033850 | P45: =+ROUND(M45*K45*J45,2) -> 142369.5
P46: =+ROUND(M46*K46*J46,2) -> 0
C47: SUBTOTAL $ | P47: =+SUM(P45:P46) -> 142369.5
C48: IV. MANO DE OBRA
C51: TRABAJADOR | J51: UNIDAD | L51: JORNAL TOTAL | M51: RENDIMIENTO | P51: Vr. UNITARIO
C52: M.O. ELECTRICO 1 AYUDANTE - 1 OFI | J52: DIA | L52: =+'DESGLOSE CUADRILLAS'!J26 -> 311661.11 | M52: 2 | P52: =+ROUND(M52*L52,2) -> 623322.22
C56: SUBTOTAL $ | P56: =+SUM(P52:P55) -> 623322.22
C58: TOTAL COSTO DIRECTO $ | P58: =+ROUNDUP(P56+P47+P40+P32,0) -> 2861874
C59: V. COSTOS INDIRECTOS
C62: Descripción | L62: Porcentaje | N62: Valor Total
C63: ADMINISTRACION | L63: 0.29 | N63: =+L63*P58 -> 829943.46
C64: IMPREVISTOS | L64: 0.01 | N64: =+L64*P58 -> 28618.74
C65: UTILIDAD | L65: 0.05 | N65: =+L65*P58 -> 143093.7
C66: SUBTOTAL $ | P66: =+ROUND(SUM(N63:P65),0) -> 1001656
C68: Precio Unitario Total Aproximado al peso $ | P68: =+P66+P58 -> 3863530
H70: Firma
H71: Nombre:
H72: Representante legal del Contratista o su apoderado
H73: Matricula:
C75: OBSERVACIONES INTERVENTORÍA
C79: APROBACIÓN POR INTERVENTORÍA
C80: Nota 1: Cuando se trate de análisis de Precios Unitarios correspondientes a ítems de la propuesta económica aprobada, el Interventor aprueba el desglose de los componentes manteniendo el mismo Precio Unitario de cada ítem, cumpliendo con las especificaciones de construcción vigentes para el proyecto.
C82: Nota 2: Cuando se trate de análisis de Precios Unitarios de ítems no previstos, el Interventor aprueba el desglose y Precio Unitario de cada ítem no previsto, exigiendo la aplicación de los costos correspondientes a insumos y tarifas de la propuesta económica inicial cuando estén contemplados, cumpliendo con las especificaciones de construcción vigente para el proyecto.
H85: Firma
H86: Nombre:
H87: Representante legal del Interventor o su apoderado
H88: Matricula :
C94: Formulario 1 - Propuesta económica - Licitación de obra pública de infraestructura social
D95: Version 2 del 21 de agosto de 2025
C97: [La Entidad podrá utilizar este Formato para la presentación de los análisis de Precios Unitarios del Contratista en la oportunidad prevista en el numeral 8.2. del Documento Base]
D100: ALCALDIA MUNICIPAL DE ZAPATOCA
L101: VERSIÓN
D102: CONSTRUCCIÓN DE CANCHA DE MICROFUTBOL EN GRAMA SINTETICA EN EL CORREGIMIENTO DE LA FUENTE MUNICIPIO DE ZAPATOCA, DEPARTAMENTO DE SANTANDER
L103: PÁGINA | N103: 1 | O103: DE | P103: 1
D105: ANÁLISIS DE PRECIOS UNITARIOS
L107: FECHA | N107: DD | O107: MM | P107: AA
N108: 1 | O108: 9 | P108: 2026
C112: DATOS ESPECÍFICOS
C114: ÍTEM | D114: DESCRIPCIÓN | M114: UNIDAD | P114: CANTIDAD
C115: 6.02 | D115: SUMINISTRO E INSTALACIÓN DE POSTE METÁLICO DE 9M, PARA MONTAJE DE HASTA 4 REFLECTORES, INCLUYE HERRAJES PARA MONTAJE DE 2 PANELES SOLARES DE (2.0X1.0X0.05M), CANASTILLA DE ANCLAJE, GALVANIZADO EN CALIENTE Y PINTURA ELECTROSTÁTICA. INCLUYE SERVICIO DE GRUA TELESCOPICA PARA ARMADO Y MONTAJE. | M115: UND | P115: =+P163 -> 6726158
C116: I. EQUIPO
C119: DESCRIPCIÓN | H119: UNIDAD | L119: TARIFA/HORA | M119: RENDIMIENTO | P119: Vr. UNITARIO
C120: HERRAMIENTA MENOR | H120: % | L120: =+P147 -> 623322.22 | M120: =+$U$28 -> 0.1 | P120: =+ROUND(M120*L120,2) -> 62332.22
C121: GRUA TELESCOPICA BRAZO 30M | H121: DIA | L121: 10200000 | M121: 0.08 | P121: =+ROUND(M121*L121,2) -> 816000
C123: SUBTOTAL $ | P123: =+SUM(P120:P122) -> 878332.22
C124: II. MATERIALES
C127: DESCRIPCIÓN | K127: UNIDAD | L127: CANTIDAD | M127: DESPERDICIO | N127: PRECIO UNIT. | P127: Vr. UNITARIO
C128: POSTE METÁLICO TRONCOCÓNICO DE 9M, PARA MONTAJE DE HASTA 4 REFLECTORES, INCLUYE HERRAJES PARA MONTAJE DE 4 PANELES SOLARES DE (2.0X1.0X0.05M), CANASTILLA DE ANCLAJE, GALVANIZADO EN CALIENTE Y PINTURA ELECTROSTÁTICA. | K128: UND | L128: 1 | M128: 0 | N128: 2800000 | P128: =+ROUND((L128*(1+M128)*N128),2) -> 2800000
C129: TUBO TIPO PESADO DB TRAMOS DE 3 METROS CON CAMPANA DE 1" | K129: ML | L129: 1 | M129: 0 | N129: 3614.6 | P129: =+ROUND((L129*(1+M129)*N129),2) -> 3614.6
C130: ADAPTADOR TERMINAL PVC TIPO CAMPANA, DIAMETRO 3" | K130: UND | L130: 1 | M130: 0 | N130: 3915.64 | P130: =+ROUND((L130*(1+M130)*N130),2) -> 3915.64
C131: UNION PVC DE 1 1/2" | K131: UND | L131: 1 | M131: 0 | N131: 1474.46 | P131: =+ROUND((L131*(1+M131)*N131),2) -> 1474.46
C132: CURVA PVC CONDUIT 1 1/2" | K132: UND | L132: 1 | M132: 0 | N132: 6422.54 | P132: =+ROUND((L132*(1+M132)*N132),2) -> 6422.54
C133: SOLDADURA LIQUIDA PVC | K133: GL | L133: 0.01 | M133: 0 | N133: 280000 | P133: =+ROUND((L133*(1+M133)*N133),2) -> 2800
C134: LIMPIADOR REMOVEDOR LIQUIDA PVC | K134: GL | L134: 0.01 | M134: 0 | N134: 201000 | P134: =+ROUND((L134*(1+M134)*N134),2) -> 2010
C135: SUBTOTAL $ | P135: =+SUM(P128:P134) -> 2820237.2
C136: III. TRANSPORTES
C139: MATERIAL | J139: RENDIMIENTO | K139: DISTANCIA | L139: M3 o Ton/Km | M139: TARIFA | P139: Vr. UNITARIO
C140: TRANSPORTE MATERIAL | J140: 0.05 | K140: 1 | M140: 2820237.2 | P140: =+ROUND(M140*K140*J140,2) -> 141011.86
P141: =+ROUND(M141*K141*J141,2) -> 0
C142: SUBTOTAL $ | P142: =+SUM(P140:P141) -> 141011.86
C143: IV. MANO DE OBRA
C146: TRABAJADOR | J146: UNIDAD | L146: JORNAL TOTAL | M146: RENDIMIENTO | P146: Vr. UNITARIO
C147: M.O. ELECTRICO 1 AYUDANTE - 1 OFI | J147: DIA | L147: =+'DESGLOSE CUADRILLAS'!J16 -> 311661.11 | M147: 2 | P147: =+ROUND(M147*L147,2) -> 623322.22
C148: M.O. ELECTRICO 2 AYUDANTE | J148: DIA | L148: =+'DESGLOSE CUADRILLAS'!J24 -> 259717.59 | M148: 2 | P148: =+ROUND(M148*L148,2) -> 519435.19
C151: SUBTOTAL $ | P151: =+SUM(P147:P150) -> 1142757.4
C153: TOTAL COSTO DIRECTO $ | P153: =+ROUND(P151+P142+P135+P123,0) -> 4982339
C154: V. COSTOS INDIRECTOS
C157: Descripción | L157: Porcentaje | N157: Valor Total
C158: ADMINISTRACION | L158: 0.29 | N158: =+L158*P153 -> 1444878.3
C159: IMPREVISTOS | L159: 0.01 | N159: =+L159*P153 -> 49823.39
C160: UTILIDAD | L160: 0.05 | N160: =+L160*P153 -> 249116.95
C161: SUBTOTAL $ | P161: =+ROUND(SUM(N158:P160),0) -> 1743819
C163: Precio Unitario Total Aproximado al peso $ | P163: =+P161+P153 -> 6726158
H165: Firma
...

Sheet FP
C4: FACTOR PRESTACIONAL | F4: FACTOR PRESTACIONAL
C5: SUELDO | D5: 1 | F5: SUELDO | G5: 1
C6: Cesantías | D6: 0.0833 | F6: Cesantías | G6: 0
C7: Interés sobre cesantías | D7: 0.01 | F7: Interés sobre cesantías | G7: 0
C8: Vacaciones | D8: 0.0417 | F8: Vacaciones | G8: 0
C9: Prima anual | D9: 0.0833 | F9: Prima anual | G9: 0
C10: Salud | D10: 0.125 | F10: Salud | G10: 0
C11: Pensión | D11: 0.16 | F11: Pensión | G11: 0
C12: Riesgos Laborales | D12: 0.0696 | F12: Riesgos Laborales | G12: 0.0696
C13: SENA | D13: 0.02 | F13: SENA | G13: 0
C14: ICBF | D14: 0.03 | F14: ICBF | G14: 0
C15: Caja de compensacion familiar | D15: 0.04 | F15: Caja de compensacion familiar | G15: 0
C16: Incapacidad prestaciones y auxilios varios | D16: 0.02 | F16: Incapacidad prestaciones y auxilios varios | G16: 0
... C18: Dotación | D18: 0.06 | F18: Dotación | G18: 0.06
C19: SUBTOTAL | D19: =+ ROUNDUP(SUM(D5:D18),2) -> 1.78 | F19: SUBTOTAL | G19: =+ ROUNDUP(SUM(G5:G18),2) -> 1.16

Sheet DESGLOSE CUADRILLAS
J2: Fecha: | L2: 46275
J3: Localización:
J4: Zapatoca
D6: DESGLOSE CUADRILLAS
D8: Salario Mínimo 2026 | E8: 1750905
D9: Aux. Transp. 2026 | E9: 249095
D11: Jornal Ayudante, sin prestaciones | E11: 72954.38
D12: Oficial, sin prestaciones | E12: 102136.13
D14: MANO DE OBRA
D15: DESCRIPCIÓN | E15: UND/FACT | F15: CANT. | G15: JORNAL | H15: CANT*JORNAL | J15: Jornal + Prest.(78%) | L15: JORNAL TOTAL O VR. UNIT.
D16: M.O. ALBANILERIA 1 AYUDANTE-1 OFI | E16: FAC Sueldo | H16: =+SUM(H17:H18) -> 175090.51 | J16: =+SUM(J17:J18) -> 311661.11 | L16: =+SUM(I16:K16) -> 311661.11
D17: Ayudante Albañileria | E17: 1 | F17: 1 | G17: =+E11 -> 72954.38 | H17: =+G17*F17*E17 -> 72954.38 | J17: =+H17*178% -> 129858.8 | L17: =+SUM(I17:K17) -> 129858.8
D18: Oficial Albañileria | E18: =+E17 -> 1 | F18: 1 | G18: =+E12 -> 102136.13 | H18: =+G18*F18*E18 -> 102136.13 | J18: =+H18*178% -> 181802.31 | L18: =+SUM(I18:K18) -> 181802.31
D20: M.O. ALBANILERIA 1 AYUDANTE | E20: Jornal+PS | H20: =+SUM(H21:H22) -> 72954.38 | J20: =+SUM(J21:J22) -> 129858.8 | L20: =+SUM(I20:K20) -> 129858.8
D21: Ayudante Albañileria | E21: 1 | F21: 1 | G21: =+$G$17 -> 72954.38 | H21: =+G21*F21*E21 -> 72954.38 | J21: =+H21*178% -> 129858.8 | L21: =+SUM(I21:K21) -> 129858.8
D23: M.O. ALBANILERIA 2 AYUDANTE | E23: =+E16 -> FAC Sueldo | H23: =+SUM(H24) -> 145908.76 | J23: =+SUM(J24) -> 259717.59 | L23: =+SUM(I23:K23) -> 259717.59
D24: Ayudante Albañileria | E24: 1 | F24: 2 | G24: =+$G$17 -> 72954.38 | H24: =+G24*F24*E24 -> 145908.76 | J24: =+H24*178% -> 259717.59 | L24: =+SUM(I24:K24) -> 259717.59
D26: M.O. ELECTRICO 1 AYUDANTE-1 OFI | E26: Jornal+PS | H26: =+SUM(H27:H28) -> 175090.51 | J26: =+SUM(J27:J28) -> 311661.11 | L26: =+SUM(I26:K26) -> 311661.11
D27: Ayudante Electrico | E27: 1 | F27: 1 | G27: =+G17 -> 72954.38 | H27: =+G27*F27*E27 -> 72954.38 | J27: =+H27*178% -> 129858.8 | L27: =+SUM(I27:K27) -> 129858.8
D28: Oficial Electrico | E28: =+E27 -> 1 | F28: 1 | G28: =+G18 -> 102136.13 | H28: =+G28*F28*E28 -> 102136.13 | J28: =+H28*178% -> 181802.31 | L28: =+SUM(I28:K28) -> 181802.31
D30: M.O. ELECTRICO 2 AYUDANTE | E30: Jornal+PS | H30: =+SUM(H31:H31) -> 145908.76 | J30: =+SUM(J31:J31) -> 259717.59 | L30: =+SUM(I30:K30) -> 259717.59
D31: Ayudante Electrico | E31: 1 | F31: 2 | G31: =+G27 -> 72954.38 | H31: =+G31*F31*E31 -> 145908.76 | J31: =+H31*178% -> 259717.59 | L31: =+SUM(I31:K31) -> 259717.59
D33: M.O. HIDROSANIT. 1 AYUDANTE-1 OFI | E33: Jornal+PS | H33: =+SUM(H34:H35) -> 175090.51 | J33: =+SUM(J34:J35) -> 311661.11 | L33: =+SUM(I33:K33) -> 311661.11
D34: Ayudante HIDROSANIT. | E34: 1 | F34: 1 | G34: =+G24 -> 72954.38 | H34: =+H17 -> 72954.38 | J34: =+H34*178% -> 129858.8 | L34: =+SUM(I34:K34) -> 129858.8
D35: Oficial HIDROSANIT. | E35: 1 | F35: 1 | G35: =+G28 -> 102136.13 | H35: =+G35*F35*E35 -> 102136.13 | J35: =+H35*178% -> 181802.31 | L35: =+SUM(I35:K35) -> 181802.31
D37: M.O. TOPOGRAFIA 1 CADENERO-1 TOP | E37: =+E16 -> FAC Sueldo | H37: =+SUM(H38:H39) -> 204272.26 | J37: =+SUM(J38:J39) -> 363604.63 | L37: =+SUM(I37:K37) -> 363604.63
D38: CADENERO | E38: 1.1 | F38: 1 | G38: =+E11*E38 -> 80249.818 | H38: =+G38*F38 -> 80249.818 | J38: =+H38*178% -> 142844.68 | L38: =+SUM(I38:K38) -> 142844.68
D39: TOPOGRAFO | E39: 1.7 | F39: 1 | G39: =+E11*E39 -> 124022.45 | H39: =+G39*F39 -> 124022.45 | J39: =+H39*178% -> 220759.95 | L39: =+SUM(I39:K39) -> 220759.95
D41: M.O. SOLDADOR | E41: Jornal+PS | H41: =+SUM(H42) -> 129858.8 | J41: =+SUM(J42) -> 231148.66 | L41: =+SUM(I41:K41) -> 231148.66
D42: SOLDADOR | E42: 1.78 | F42: 1 | G42: =+E11 -> 72954.38 | H42: =+G42*F42*E42 -> 129858.8 | J42: =+H42*178% -> 231148.66 | L42: =+SUM(I42:K42) -> 231148.66

Sheet DESGLOSE PAGA
D3: PLAN DE MANEJO AMBIENTAL "P.M.A"
D6: =+'CAP. 2'!D377 -> CONSTRUCCIÓN DE CANCHA DE MICROFUTBOL EN GRAMA SINTETICA EN EL CORREGIMIENTO DE LA FUENTE MUNICIPIO DE ZAPATOCA, DEPARTAMENTO DE SANTANDER
D9: PLAN DE MANEJO AMBIENTAL "P.M.A"
D11: N° | E11: PROGRAMA | F11: SUBPROGRAMA | G11: ELEMENTOS | H11: UNIDAD | I11: CANTIDAD | J11: VALOR UNITARIO | K11: VALOR TOTAL
D12: 1 | E12: DESARROLLO Y APLICACIÓN DE LA GESTIÓN AMBIENTAL | F12: Capacitación y concienciación para el personal de obra. | G12: Capacitaciones personal y comunidad | H12: UNIDAD | I12: =+I36*2 -> 4 | J12: 180000 | K12: =I12*J12 -> 720000
D13: 2 | E13: PROGRAMA ACTIVIDADES CONSTRUCTIVAS | F13: Señalización frentes de obras y sitios temporales | G13: Señal de uso de elementos de protección personal EPP | H13: UNIDAD | I13: 1 | J13: 35000 | K13: =I13*J13 -> 35000
G14: Señal de extintor | H14: UNIDAD | I14: 1 | J14: =+J13 -> 35000 | K14: =I14*J14 -> 35000
G15: Señal de sustancia peligrosa | H15: UNIDAD | I15: 1 | J15: =+J13 -> 35000 | K15: =I15*J15 -> 35000
G16: Señal de ruta de evacuación | H16: UNIDAD | I16: 1 | J16: =+J13 -> 35000 | K16: =I16*J16 -> 35000
G17: Señal de puntos de encuentros | H17: UNIDAD | I17: 1 | J17: =+J13 -> 35000 | K17: =I17*J17 -> 35000
F18: Manejo integral de residuos de construcción y demolición - RCD | G18: Se incluye en las actividades de obra | K18: =I18*J18 -> 0
F19: Manejo integral de residuos sólidos | G19: Adecuación punto ecologico | H19: UNIDAD | I19: 1 | J19: 140000 | K19: =I19*J19 -> 140000
G20: Caneca para lavado de herramientas con capacidad de 55 galones, de acero o similar | H20: UNIDAD | I20: 1 | J20: 180000 | K20: =I20*J20 -> 180000
G21: Bolsa color negro calibré 2" de 65 cm x 85 cm | H21: UNIDAD | I21: =I36*3*4*3 -> 72 | J21: 900 | K21: =I21*J21 -> 64800
G22: Bolsa color blanca calibré 2" de 65 cm x 85 cm | H22: UNIDAD | I22: =+I21 -> 72 | J22: 900 | K22: =I22*J22 -> 64800
G23: Bolsa color verde calibré 2" de 65 cm x 85 cm | H23: UNIDAD | I23: =+I22 -> 72 | J23: 900 | K23: =I23*J23 -> 64800
D24: 3 | E24: PROGRAMA GESTIÓN DEL RECURSO HÍDRICO. | F24: Manejo de residuos líquidos domésticos e industriales. | G24: Disposicion final de residuos peligrosos y aceites | H24: UNIDAD | I24: 1 | J24: 150000 | K24: =I24*J24 -> 150000
D25: 4 | E25: PROGRAMA DE BIODIVERSIDAD Y SERVICIOS ECOSISTÉMICOS | F25: Manejo del descapote y la cobertura vegetal | G25: Se incluye en las actividades de obra | K25: =+I25*J25 -> 0
D26: 5 | E26: PROGRAMA MANEJO DE INSTALACIONES TEMPORALES | F26: Manejo de maquinaria, equipos y vehículos | G26: Revisión del estado de los equipos, maquinaria pesada y vehiculos | H26: MES | I26: 2 | J26: 261000 | K26: =+I26*J26 -> 522000
D27: 6 | E27: PROGRAMA DE GESTIÓN SOCIAL | F27: Atención a la comunidad | G27: Punto de atención a comunidad | H27: MES | I27: 2 | J27: 485500 | K27: =+I27*J27 -> 971000
D28: 7 | E28: PROGRAMA DE SALUD OCUPACIONAL | F28: Equipos | G28: Extintor Abc Multiproposito 10lb + Señal + Gancho | H28: UNIDAD | I28: 1 | J28: 60000 | K28: =+I28*J28 -> 60000
G29: Camilla Fel + Gancho + Arnes + Señal Indumasas | H29: UNIDAD | I29: 1 | J29: 195000 | K29: =+I29*J29 -> 195000
G30: Inmovilizador de cabeza para camilla | H30: UNIDAD | I30: 1 | J30: 60000 | K30: =+I30*J30 -> 60000
G31: Botiquín Morral De Primeros Auxilios dotado | H31: UNIDAD | I31: 1 | J31: 150000 | K31: =+I31*J31 -> 150000
G32: Alquiler de baño en predio aledaño, incluido aseo y limpieza. | H32: 2 MES | I32: 1 | J32: 340000 | K32: =+I32*J32*I36 -> 680000
D33: Sub-Total | K33: =SUM(K12:K32) -> 4197400
D34: III.MANO DE OBRA PARA VERIFICACIÓN Y CONTROL DE LA EJECUCIÓN DEL PMA
E35: PRODESIONAL Y DESCRIPCIÓN | G35: UNIDAD | H35: DEDICACIÓN | I35: DURACIÓN | J35: JORNAL | K35: VALOR TOTAL
D36: 1 | E36: INGENIERO RESIDENTE AMBIENTAL (Elaboración de informes de implementación del PMA (Actas, formatos y registros) | G36: MES | H36: 0.7 | I36: 2 | J36: 2600000 | K36: =+H36*I36*J36 -> 3640000
D37: SUBTOTAL MANO DE OBRA | K37: =ROUND(SUM(K36),0) -> 3640000
D38: FACTOR PRESTACIONAL | K38: 1.4
D39: TOTAL MANO DE OBRA | K39: =ROUND(K37*K38,0) -> 5096000
D40: TOTAL COSTO PLAN DE MANEJO AMBIENTAL | K40: =ROUND((K33+K39),0) -> 9293400

Sheet AIU1 
A1: DESGLOSE A.I.U
A3: COSTO TOTAL DEL PROYECTO | C3: 1046009625 | D3: SALARIO MINIMO MENSUAL LEGAL VIGENTE (2026) SIN AUXILIO DE TRANSPOTE | G3: 1750905
A4: COSTO DIRECTO ESTIMADO | C4: 774821440 | D4: SALARIO MINIMO MENSUAL LEGAL VIGENTE CON AUXILIO (2026) | G4: 2000000 | J4: =+(200*C4)/G5 -> 350181000
A5: TIEMPO EJECUCIÓN | B5: MESES | C5: 3 | D5: COSTO DIRECTO EXPRESADO EN SMMLV | G5: =C4/G3 -> 442.52626
A6: A. ADMINISTRACIÓN
A7: 1. COSTOS MENSUALES DE PERSONAL
A8: CANTIDAD | B8: CARGO | C8: TIEMPO DE EJECUCION | D8: DEDICACIÓN MES | E8: TOPE MÁXIMO SALARIO | F8: FACTOR PRESTACIONAL | G8: SALARIO MÁS PRESTACIONES | J8: 2146553
A9: A | C9: B | D9: C | E9: D | F9: E | G9: F = A * B * C * D*E | J9: 3760118
A10: 1.1 PERSONAL PROFESIONAL (Ingenieros y Otros) | H10: CATEGORIA
A11: 1 | B11: Director de obra | C11: =+C5 -> 3 | D11: 0.2 | E11: 3410000 | F11: 1.16 | G11: =ROUND(A11*D11*E11*F11*C11,2) -> 2373360 | H11: 7
A12: 1 | B12: Residente de obra | C12: =+C5 -> 3 | D12: 1 | E12: 2700000 | F12: 1.78 | G12: =ROUND(A12*D12*E12*F12*C12,2) -> 14418000 | H12: 9
A13: 1 | B13: Profesional SST | D13: 0 | E13: 2200000 | F13: 1.78 | G13: =A13*D13*E13*F13 -> 0
A14: 1 | B14: RESIDENTE SISO | C14: 0 | D14: 0 | E14: 1876408 | F14: #REF! | G14: =A14*D14*E14*F14 -> #REF!
A15: 1 | B15: RESIDENTE SOCIAL | C15: 0 | D15: 0 | E15: 0 | F15: 1 | G15: =A15*D15*E15*F15 -> 0
A16: 1 | B16: ESPECIALISTA GEOTECNIA Y PAVIMENTOS | C16: 0 | D16: 0 | E16: 0 | F16: 1 | G16: =A16*D16*E16*F16 -> 0
A17: 1 | B17: ESPECIALISTA VIAS, SUELOS Y/O PAVIMENTOS | C17: 0 | D17: 0 | E17: 0 | F17: #REF! | G17: =A17*D17*E17*F17 -> #REF!
A18: 1 | B18: ESPECIALISTA TRANSITO Y TRANSPORTE | C18: 0 | D18: 0 | E18: 0 | F18: 0.005 | G18: =A18*D18*E18*F18 -> 0
A19: 1 | B19: AUXILIAR AREA SOCIAL | C19: 0 | D19: 0 | E19: 0 | F19: 0.0053 | G19: =A19*D19*E19*F19 -> 0
A21: 1.2 PERSONAL TÉCNICO Y PERSONAL AUXILIAR TÉCNICO
A22: 1 | B22: AUXILIAR (Tecnólogo en áreas de Ingeniería) | D22: 0 | E22: 1800000 | F22: 1.748 | G22: =A22*D22*E22*F22 -> 0
A23: 2 | B23: INSPECTOR 1 | D23: 1 | E23: 1100000 | F23: 1.748 | G23: =A23*D23*E23*F23 -> 3845600
A24: 1 | B24: DIBUJANTE 1 | D24: 0 | E24: 1732000 | F24: 1.748 | G24: =A24*D24*E24*F24 -> 0
A25: 1 | B25: Comision de topografia | D25: 0.8 | G25: =A25*D25*E25 -> 0
A26: 1 | B26: LABORATORISTA INSPECTOR | D26: 0 | E26: 1957000 | F26: 1.748 | G26: =A26*D26*E26*F26 -> 0
A27: 1 | B27: CADENERO 2 | D27: 0 | E27: 1057000 | F27: 1.748 | G27: =A27*D27*E27*F27 -> 0
A28: 1 | B28: CONDUCTOR O MOTORISTA | D28: 0 | E28: 850000 | F28: 1.748 | G28: =A28*D28*E28*F28 -> 0
A30: 1.3 PERSONAL ADMINISTRATIVO
A31: 1 | B31: SECRETARIA | D31: 0 | E31: 2000000 | F31: 1.78 | G31: =A31*D31*E31*F31 -> 0
A32: 1 | B32: Vigilante | D32: 0 | E32: 0 | G32: =E32 -> 0
A33: SUBTOTAL COSTOS MENSUALES DE PERSONAL | G33: =G11+G12 -> 16791360
A35: 2. GASTOS OPERACIONALES MENSUALES | C35: TIEMPO | D35: DEDICACIÓN | E35: VALOR | G35: VALOR ($)
A36: Arriendo oficina y/o bodega Incluye serv publicos, comunicaciones-Punto atención | C36: 3 | D36: 0 | E36: 600000 | G36: =C36*D36*E36 -> 0
A37: Campamentos. Incluye Serv. Públicos provisionales | C37: 50 | E37: 50 | G37: =E37*F37 -> 0
A38: GASTOS OFICINA (PAPELERIA, FOTOCOPIAS Y OTROS) | G38: 0 | J38: 1.740689e+08
A39: 1 | B39: VEHICULO MODELO 2010 EN ADELANTE (1300-3000 CC) | D39: 0 | E39: 1500000 | G39: =E39*D39 -> 0
A40: 1 | B40: EQUIPO DE TOPOGRAFÍA | C40: 3 | D40: 0 | E40: 1800000 | G40: =E40*D40*C40 -> 0
A41: 1 | B41: ESTUDIOS DE LABORATORIO | C41: 0 | D41: 0.5 | E41: 630000 | G41: =E41*D41*C41 -> 0
A42: SUBTOTAL GASTOS OPERACIONALES MENSUALES | G42: =+G36 -> 0
A44: TOTAL COSTOS PERSONAL + GASTOS OPERACIONALES POR EL TÉRMINO DE EJECUCIÓN | G44: =(G33+G42) -> 16791360
A45: TOTAL COSTOS PERSONAL + GASTOS OPERACIONALES POR EL TÉRMINO DE EJECUCIÓN (PORCENTAJE DEL COSTO DIRECTO) | G45: =G44/C4 -> 0.021671264
A48: 3. IMPUESTOS Y GARANTÍAS
A49: 3.1 IMPUESTOS
A50: DESCRIPCIÓN | F50: IMPUESTO | G50: VALOR ($)
A51: Estampilla Pro-Uis | F51: 0.02 | G51: =$C$3*F51 -> 20920192
A52: Estampilla Pro-Hospital | F52: 0.02 | G52: =$C$3*F52 -> 20920192
A53: Estampilla Pro-cultura | F53: 0.02 | G53: =$C$3*F53 -> 20920192
A54: Estampilla Pro-Bienestar adulto mayor | F54: 0.04 | G54: =$C$3*F54 -> 41840385
A55: Tasa Pro-Deporte | F55: 0.02 | G55: =$C$3*F55 -> 20920192 | J55: =+H65/J38 -> 0.0085330216
A56: Estampilla Pro-Justicia Familiar | F56: 0.02 | G56: =$C$3*F56 -> 20920192
A57: Contribucion obra publica | F57: 0.05 | G57: =$C$3*F57 -> 52300481
A58: Retencion en la Fuente (establacido por la Dian) | F58: 0 | G58: =$C$3*F58 -> 0
A59: Retencion del impuesto industria y comercio (3 al 7 x1000 depende actividad economica) | F59: 0.007 | G59: =$C$3*F59 -> 7322067.4
A60: Papeleria | G60: 94273
G61: =SUM(G51:G60) -> 2.0615817e+08
A63: 3.2 GARANTIAS
A64: DESCRIPCIÓN | C64: VR. BASE | D64: % ASEGURADO | E64: VIGENCIA AMPARO (MESES) | F64: TASA ASEGURADORA | G64: VALOR ($)
A65: G.UNICA | B65: Cumplimiento | C65: =$C$3*D65 -> 209201925 | D65: 0.2 | E65: =$C$5+4 -> 7 | F65: 0.001 | G65: =C65*F65 -> 209201.93 | H65: =+G65+G67+G68 -> 1485333.7
B66: Buen manejo anticipo | C66: =$C$3*D66 -> 0 | D66: 0 | E66: =C6+4 -> 4 | F66: 0 | G66: =C66*F66 -> 0
B67: Salarios y prestaciones | C67: =$C$3*D67 -> 209201925 | D67: 0.2 | E67: =C5+4 -> 7 | F67: 0.0001 | G67: =C67*F67 -> 20920.193 | K67: DESCRIPCION | L67: % DE TASA ASEGURADORA | M67: % PORCENTAJE ACTUAL
B68: Estabilidad y calidad de obra | C68: =$C$3*D68 -> 3.1380289e+08 | D68: 0.3 | E68: 60 | F68: 0.004 | G68: =C68*F68 -> 1255211.6 | K68: Cumplimiento | M68: 0.001
B69: Calidad estudios y diseños | C69: =$C$4*D69 -> 0 | D69: 0 | E69: 0 | F69: 0.004 | G69: =C69*F69 -> 0 | K69: Buen manejo anticipo | M69: 0
B70: Calidad materiales y proced constr | C70: =$C$4*D70 -> 0 | D70: 0 | E70: 0 | F70: 0.004 | G70: =C70*F70 -> 0 | K70: Salarios y prestaciones | M70: 0.0001
A71: R.C.E. | B71: Predios, labores y operaciones | C71: 260000000 | E71: 4 | F71: 0.001 | G71: =C71*F71 -> 260000 | K71: Estabilidad y calidad de obra | M71: 0.004
G72: =G65+G66+G67+G68+G70+G71 -> 1745333.7 | K72: Calidad estudios y diseños | M72: 0.004
K73: Calidad materiales y proced constr | M73: 0.004
A74: TOTAL IMPUESTOS Y GARANTÍAS | G74: =G61+G72 -> 2.079035e+08 | K74: Predios, labores y operaciones | M74: 0.00052
A75: TOTAL IMPUESTOS Y GARANTÍAS EN PORCENTAJE DEL COSTO DIRECTO | G75: =G74/C4 -> 0.26832441
A78: A. ADMINISTRACIÓN (1 + 2 + 3) | G78: =ROUND(G75+G45,2) -> 0.29
A79: I. IMPREVISTOS | G79: 0.01
A80: U. UTILIDAD | G80: 0.05
A82: A.I.U. (ADMINISTRACIÓN, IMPREVISTOS Y UTILIDAD) | G82: =ROUND(G78+G79+G80,2) -> 0.35
A84: NOTA: | B84: EL IMPUESTO AL VALOR AGREGADO IVA SE CALCULA Y SE PAGA POR SEPARADO, COMO UN PORCENTAJE DE LA UTILIDAD (U).
B85: EL PORCENTAJE, LOS CASOS DE APLICACIÓN Y LA FORMA DE PAGO ESTÁN CONTEMPLADOS EN LA NORMA TRIBUTARIA.
A86: NOTA: | B86: Res. Mintransporte No. 747/1998 establece topes máximos para sueldos y demás gastos que se pueden pagar en los contratos de consultoría y el sistema de actualización.
A87: Serán de exclusiva responsabilidad del proponente los errores u omisiones en que incurra al indicar el valor de su propuesta, debiendo asumir los mayores costos y/o pérdidas que se deriven de dichos errores u omisiones, sin que por esta razón haya lugar a alegar ruptura del equilibrio contractual.
